 Dungeon Crawl Stone Soup version 0.30-a0-141-g30f27751c5 (webtiles) character file.

Game seed: 14068784526870952004

372219 qw the Hoplite (level 22, -7/152 HPs)
             Began as a Gargoyle Fighter on Sept 25, 2022.
             Was a High Priest of Okawaru.
             Mangled by Parghit (32 damage)
             ... on level 3 of the Depths.
             The game lasted 00:21:59 (43708 turns).

qw the Hoplite (Gargoyle Fighter)                  Turns: 43708, Time: 00:22:00

Health: -7/152     AC: 58    Str: 40    XL:     22   Next: 69%
Magic:  27/29      EV: 14    Int: 11    God:    Okawaru [*****.]
Gold:   2060       SH: 32    Dex: 11    Spells: 21/21 levels left

rFire   + + +      SeeInvis .    y - +8 broad axe of the Dungeon {elec, Int+3}
rCold   + + +      Faith    .    a - +4 tower shield "Tefepsumm" {rElec rN+ Str+4}
rNeg    + + .      Spirit   .    K - +4 plate armour of Pathos {rC++ Int-5 Dex+4 Slay+3}
rPois   inf        Reflect  +    B - +2 helmet {Int+3}
rElec   +          Harm     .    h - +2 cloak {Will+}
rCorr   .          Rampage  .    m - -2 pair of gloves of the Loofah {rF+++ Regen+ Dex-2 Stlth+}
Will    ++...                    A - +2 pair of boots
Stlth   ..........               D - amulet of reflection
HPRegen 1.15/turn                x - ring of Laledodghiosk {rC+ Str+6}
MPRegen 0.21/turn                l - +4 ring of protection

@: heroic, finesse-ful, flying
A: sickness immunity, AC +16, big wings, negative energy resistance 1,
electricity resistance, torment resistance 1, petrification resistance
}: 2/15 runes: serpentine, barnacled
a: Renounce Religion, Heroism, Finesse, Duel


You were on level 3 of the Depths.
You worshipped Okawaru.
Okawaru was extremely pleased with you.
You visited 8 branches of the dungeon, and saw 38 of its levels.
You also visited: Gauntlet and Desolation.

You collected 4552 gold pieces.
You spent 2492 gold pieces at shops.


Innate Abilities, Weirdness & Mutations

You are immune to sickness and miasma.
Your stone body is resilient. (AC +16)
You are immune to poison.
Your large and strong wings let you fly.
You resist negative energy. (rN+)
You are resistant to electric shocks. (rElec)
You are resistant to unholy torment.
You are immune to petrification.


   Skills:
 - Level 20.0(25.0) Fighting
 - Level 18.0(23.0) Axes
 - Level 11.0(16.0) Throwing
 + Level 19.9(24.9) Armour
 - Level 7.0(12.0) Dodging
 - Level 21.0(26.0) Shields
 - Level 10.0 Invocations


You had 21 spell levels left.
You didn't know any spells.
Your spell library was empty.

Inventory:

Hand Weapons
 y - the +8 broad axe of the Dungeon (weapon) {elec, Int+3}
   (Okawaru gifted it to you on level 1 of the Lair of Beasts)

   It occasionally discharges a powerful burst of electricity upon striking a
   foe.
   Int:       It affects your intelligence (+3).
Missiles
 n - 2 silver javelins (quivered)
 o - 66 boomerangs
 r - 9 javelins
 v - 9 silver boomerangs
 I - 2 boomerangs of dispersal
Armour
 a - the +4 tower shield "Tefepsumm" (worn) {rElec rN+ Str+4}
   (You acquired it on level 1 of the Dungeon)

   Str:       It affects your strength (+4).
   rElec:     It insulates you from electricity.
   rN:        It protects you from negative energy.
 g - a +2 pair of gloves
 h - a +2 cloak of willpower (worn)
 m - the -2 pair of gloves of the Loofah (worn) {rF+++ Regen+ Dex-2 Stlth+}
   (You found it on level 1 of the Vaults)

   Dex:       It affects your dexterity (-2).
   rF:        It renders you almost immune to fire.
   Regen:     It increases your rate of health regeneration.
   Stlth:     It makes you more stealthy.
 A - a +2 pair of boots (worn)
 B - a +2 helmet of intelligence (worn)
 K - the +4 plate armour of Pathos (worn) {rC++ Int-5 Dex+4 Slay+3}
   (Okawaru gifted it to you on level 4 of the Snake Pit)

   Int:       It affects your intelligence (-5).
   Dex:       It affects your dexterity (+4).
   Slay:      It affects your accuracy & damage with ranged weapons and melee
   (+3).
   rC:        It greatly protects you from cold.
 L - a scarf of resistance
Jewellery
 k - a ring of fire
 l - a +4 ring of protection (right hand)
 t - a ring of resist corrosion
 x - the ring of Laledodghiosk (left hand) {rC+ Str+6}
   (You found it in the Desolation of Salt)

   [ring of strength]

   Str:       It affects your strength (+6).
   rC:        It protects you from cold.
 C - the ring of Akhlod {Will+ rCorr}
   (You found it on level 3 of the Shoals)

   [ring of willpower]

   rCorr:     It protects you from acid and corrosion.
   Will:      It increases your willpower.
 D - an amulet of reflection (around neck)
 F - a ring of fire
 G - a ring of protection from cold
 Y - a +4 ring of evasion
Scrolls
 b - a scroll of enchant armour
 e - 11 scrolls of identify
 i - 2 scrolls of brand weapon
 q - 5 scrolls of teleportation
 J - 7 scrolls of enchant weapon
Potions
 c - 2 potions of heal wounds
 d - 7 potions of might
 f - 5 potions of attraction
 j - 7 potions of lignification
 p - 4 potions of cancellation
 u - 2 potions of magic
 w - 6 potions of mutation
 z - 8 potions of haste
 E - 9 potions of curing
 H - a potion of resistance

Dungeon Overview and Level Annotations

Branches:
Dungeon (15/15)            Temple (1/1) D:6            Lair (5/5) D:11
 Shoals (4/4) Lair:2        Snake (4/4) Lair:3        Slime (0/5) Lair:4
    Orc (2/2) D:12            Elf (0/3) Orc:2        Vaults (4/5) D:14
  Crypt (0/3) Vaults:3     Depths (3/4) D:15        Desolation (visited)
Gauntlet (visited)

Altars:
Ashenzari
Cheibriados
Dithmenos
Elyvilon
Fedhas
Gozag
Hepliaklqana
Kikubaaqudgha
Makhleb
Nemelex Xobeh
Okawaru
Qazlal
Ru
Sif Muna
Trog
Uskayaw
Vehumet
Wu Jian
Xom
Yredelemnul
Zin
The Shining One
Jiyva

Shops:
D:11 [   Orc:2 *(**[=   Shoals:2 *   Shoals:3 :   Vaults:4 !   Depths:1 :

Portals:
Hell: Depths:1 Depths:2
Abyss: Depths:2
Pandemonium: Depths:2
Ziggurat: Depths:1
Bazaar: Snake:4

Annotations:
D:4 3 runed translucent doors, qw's ghost, amateur GrFi; qw's ghost, novice GrFi
D:12 2 transporters, Cooqonn's ghost, journeyman DsVM
Lair:1 1 runed translucent door, Olid's ghost, journeyman DrCj
Shoals:1 1 runed translucent door, Heh's ghost, adept DsGl
Shoals:3 6 transporters
Snake:1 2 transporters, 3 runed translucent doors, Xitaol's ghost, adept SpEn
Depths:3 Parghit


Message History

Parghit is heavily wounded.
Parghit drinks a potion.
Parghit seems to grow stronger.
You barely miss Parghit.
Parghit is moderately wounded.
You slice Parghit like a ripe choko!!! Lightning courses through Parghit!
Parghit is almost dead.
You hear a shout! x2
You hit Parghit but do no damage.
Parghit is almost dead.
Parghit bites you!! Parghit claws you but does no damage. Parghit claws you!!
You slash Parghit!
Parghit is severely wounded.
You hit Parghit but do no damage. Lightning courses through Parghit!
Parghit is almost dead.
You hit Parghit but do no damage.
Parghit is almost dead.
Parghit bites you but does no damage. Parghit claws you!!
You block Parghit's attack.
You hear a loud rustle.
You slash Parghit!
Parghit is severely wounded.
You hear a deafening roar!
You hit Parghit but do no damage.
Parghit is severely wounded.
You slash Parghit! Lightning courses through Parghit!
Parghit is almost dead.
You block Parghit's attack. Parghit claws you!! You block Parghit's attack.
A stone giant comes into view.
You slash Parghit!
Parghit is almost dead.
You hear a shout!
You hear a deafening roar!
43706 ||| Stepping ~*~*~tactically~*~*~ (hiding).
Things that are here:
a +0 great sword of flaming; 50 gold pieces; a fire giant corpse You closely miss Parghit.
Parghit is severely wounded.
You slice Parghit!! Lightning courses through Parghit!
Parghit is almost dead.
You block Parghit's attack. Parghit claws you!! x2
You die...

##.###..######.......
.#. #..# #.......
#...#####..# #.......
..........## #.......
..#####.# #.......
....$#.# #.......
#..##.# #.......
#(.##)# #T@..#
#;*###.# #y. #.# C8.8
#.#


#Qp8y #.# (.D8D8 ..# ###..8. #.# ..8.8 .# You could see Parghit (strong), a
walking crystal tome, a stone giant, a spark wasp, a tengu warrior and a living
crystal spell (summoned).

Vanquished Creatures
  Vashnia (Snake:3)
  A lich (Depths:3)
  An ancient champion (Vaults:3)
  Polyphemus (Shoals:2)
  Kirke (D:15)
  10 sphinxes
  5 nagarajas
  4 iron dragons (Depths:1)
  2 imperial myrmidons (Desolation)
  3 fire giants
  8 vault wardens
  Aizul (Snake:3)
  18 ironbound preservers
  2 war gargoyles
  5 stone giants
  3 orc warlords
  7 very ugly things
  5 ironbound thunderhulks
  A vampire knight (Vaults:3)
  3 halazid warlocks (Desolation)
  2 minotaurs
  A bunyip (shapeshifter) (D:13)
  3 dire elephants (Vaults:2)
  4 spark wasps
  A crystal guardian (Desolation)
  Snorg (Lair:4)
  7 ettins
  A green death (Depths:2)
  3 merfolk javelineers
  2 entropy weavers
  5 ragged hierophants (Desolation)
  6 fire dragons
  5 merfolk impalers
  6 great orbs of eyes
  7 yaktaur captains
  An ice dragon (Depths:1)
  8 servants of whispers (Desolation)
  Fannar (D:12)
  7 vault guards
  4 salamander tyrants
  4 hydras
  A spriggan air mage (Depths:1)
  2 ogre magi
  9 peacekeepers
  A catoblepas (Shoals:2)
  22 centaur warriors
  8 ironbound frosthearts
  3 merfolk avatars
  8 anacondas
  Erica (Lair:2)
  2 alligator snapping turtles (Shoals:3)
  4 merfolk aquamancers
  19 satyrs
  7 boulder beetles
  2 death knights
  2 deep troll shamans
  5 two-headed ogres
  9 tengu warriors
  3 orc high priests (Orc:2)
  31 death yaks
  A spriggan berserker (Depths:1)
  9 shock serpents
  13 naga warriors
  5 deep troll earth magi
  16 naga sharpshooters
  7 hell knights
  4 soul eaters
  A sixfirhy (Depths:2)
  A storm dragon skeleton (D:15)
  5 salamander mystics
  4 iron trolls
  6 skeletal warriors (D:14)
  A spark wasp zombie (D:15)
  18 sea snakes
  47 deep trolls
  8 wizards
  3 glowing orange brains
  A glowing orange brain (shapeshifter) (Vaults:2)
  A golden dragon skeleton (D:15)
  9 naga ritualists
  3 necromancers
  Pikel (D:8)
  17 ironbound convokers
  19 harpies
  12 orc knights
  15 lindwurms
  A phantasmal warrior (D:13)
  2 deep elf pyromancers
  46 fauns
  2 wolf spiders
  10 cyclopes
  10 mana vipers
  7 orc sorcerers
  26 ugly things
  5 salamanders
  A frost giant zombie (D:15)
  19 manticores
  5 merfolk sirens
  Maurice (D:9)
  2 elephants (Lair:5)
  4 water nymphs
  2 fire giant skeletons (D:15)
  27 black mambas
  6 guardian serpents
  7 rust devils
  2 stone giant skeletons (D:15)
  20 naga magi
  An orange demon (Depths:2)
  An elf skeleton (Vaults:4)
  17 vault sentinels
  4 centaur skeletons (D:14)
  17 cane toads
  2 ice statues (Shoals:3)
  2 gargoyles
  An efreet (D:15)
  A smoke demon (Depths:2)
  An unseen horror (D:12)
  A rime drake (shapeshifter) (D:13)
  5 rime drakes
  4 komodo dragons
  A yaktaur (shapeshifter) (D:13)
  A komodo dragon (shapeshifter) (D:15)
  27 yaktaurs
  A freezing wraith (Vaults:3)
  2 tengu conjurers
  21 merfolk
  A polar bear (Lair:5)
  10 trolls
  A tyrant leech (Gauntlet)
  3 hornets
  4 wind drakes
  11 blink frogs
  7 snapping turtles
  26 slime creatures
  46 saltlings
  A spriggan zombie (D:15)
  A spriggan skeleton (D:15)
  16 dream sheep
  3 wraiths
  3 shadows
  A wyvern (D:10)
  15 water elementals
  25 yaks
  7 vampire mosquitoes
  7 basilisks
  A chaos spawn (Depths:2)
  7 hogs (D:15)
  2 redbacks
  2 steam dragons
  A warg (Orc:1)
  38 nagas
  3 swamp worms (Gauntlet)
  26 water moccasins
  2 acid dragons (D:13)
  A floating eye (Depths:1)
  A meliai simulacrum (D:11)
  26 orc warriors
  A sky beast (D:8)
  7 black bears
  4 ice beasts
  An ettin simulacrum (Vaults:4)
  11 ogres
  5 boggarts (Vaults:2)
  17 wolves
  6 centaurs
  A lemure (D:8)
  A phantom (D:5)
  2 human skeletons (Vaults:4)
  Blork the orc (D:4)
  4 kobold brigands
  16 bullfrogs
  3 necrophages
  A gnoll sergeant (D:10)
  6 scorpions
  10 killer bees
  4 electric eels
  3 howler monkeys
  2 hounds (D:6)
  7 jellies
  A gnoll bouda (D:7)
  12 orc priests
  4 iguanas
  Jessica (D:2)
  25 orc wizards
  7 hell rats
  8 adders
  10 gnolls
  A river rat (D:11)
  A shadow imp (D:7)
  A white imp (D:6)
  An ufetubus (D:7)
  5 worms
  4 dart slugs
  69 orcs
  7 bats
  10 endoplasms
  7 giant cockroaches
  4 goblins
  5 hobgoblins
  5 jackals (D:2)
  3 quokkas
  11 ball pythons
  5 frilled lizards
  23 kobolds
  8 rats
1491 creatures vanquished.

Vanquished Creatures (others)
  A harpy (Shoals:3)
  20 fungi
  95 plants
116 creatures vanquished.

Grand Total: 1607 creatures vanquished

Notes
Turn   | Place    | Note
-------+----------+-------------------------------------------
     0 | D:1      | qw the Gargoyle Fighter began the quest for the Orb.
     0 | D:1      | Reached XP level 1. HP: 14/14 MP: 1/1
     0 | D:1      | 0 ||| qw: Version: 0.2-a-10-g399e6c4
     0 | D:1      | 0 ||| qw: Game counter: 285
     0 | D:1      | 0 ||| qw: Always use a shield: true
     0 | D:1      | 0 ||| qw: God list: Okawaru
     0 | D:1      | 0 ||| qw: Allow faded altars: false
     0 | D:1      | 0 ||| qw: Do Orc after D:15 true
     0 | D:1      | 0 ||| qw: Do second Lair branch before Depths: true
     0 | D:1      | 0 ||| qw: Lair rune preference: random
     0 | D:1      | 0 ||| qw: Plans: Normal, Zot:1-4, God:TSO, Crypt, Tomb,
                  | Pan, Slime:5, Hells, Abyss, Orb
     0 | D:1      | 0 ||| PLANNING D:1-11
   204 | D:1      | 204 ||| Stepping ~*~*~tactically~*~*~ (stealth).
   220 | D:1      | Reached XP level 2. HP: 19/19 MP: 2/2
   221 | D:1      | Found a faded altar of an unknown god.
   221 | D:1      | Noticed a shining eye
   222 | D:1      | 222 ||| UPGRADING to +2 pair of gloves.
   285 | D:1      | Noticed an eye of devastation
   285 | D:1      | Noticed an eye of devastation
   285 | D:1      | Noticed a shining eye
   669 | D:1      | 669 ||| Stepping ~*~*~tactically~*~*~ (stealth).
   673 | D:1      | 673 ||| Stepping ~*~*~tactically~*~*~ (stealth).
   680 | D:1      | 680 ||| Stepping ~*~*~tactically~*~*~ (hiding).
   682 | D:1      | 682 ||| Stepping ~*~*~tactically~*~*~ (hiding).
   688 | D:1      | Reached skill level 3 in Axes
   733 | D:1      | 733 ||| Stepping ~*~*~tactically~*~*~ (stealth).
   735 | D:1      | 735 ||| Stepping ~*~*~tactically~*~*~ (stealth).
   737 | D:1      | 737 ||| Stepping ~*~*~tactically~*~*~ (stealth).
   743 | D:1      | Reached XP level 3. HP: 23/23 MP: 3/3
  1010 | D:1      | 1010 ||| DROPPING ring of wizardry.
  1011 | D:1      | 1011 ||| READING scroll labelled GIGRUZXORGH.
  1012 | D:1      | 1012 ||| READING scroll labelled JEKKUNG OFEFAMP.
  1013 | D:1      | 1013 ||| READING scroll labelled XEW OJAFIESM.
  1013 | D:1      | Identified a scroll of acquirement
  1013 | D:1      | 1013 ||| ACQUIRING +4 tower shield "Tefepsumm" {rElec rN+
                  | Str+4}
  1013 | D:1      | Acquired the +4 tower shield "Tefepsumm" {rElec rN+ Str+4}
  1015 | D:1      | 1015 ||| UPGRADING to +4 tower shield "Tefepsumm" {rElec
                  | rN+ Str+4}.
  1025 | D:1      | 1025 ||| DROPPING +0 buckler.
  1026 | D:1      | 1026 ||| READING scroll labelled IHIKHL RUUN.
  1127 | D:1      | 1127 ||| READING scroll labelled IRHAADUTIGH.
  1140 | D:2      | Noticed Jessica
  1141 | D:2      | 1141 ||| Stepping ~*~*~tactically~*~*~ (hiding).
  1145 | D:2      | Killed Jessica
  1146 | D:2      | Reached skill level 4 in Shields
  1146 | D:2      | Reached XP level 4. HP: 23/28 MP: 4/4
  1213 | D:2      | Identified the +8 sling of Boofocoel {venom, Stlth+}
  1241 | D:2      | 1241 ||| Stepping ~*~*~tactically~*~*~ (stealth).
  1366 | D:2      | 1366 ||| Stepping ~*~*~tactically~*~*~ (stealth).
  1588 | D:2      | 1588 ||| Stepping ~*~*~tactically~*~*~ (hiding).
  1602 | D:2      | 1602 ||| Stepping ~*~*~tactically~*~*~ (stealth).
  1916 | D:2      | Reached XP level 5. HP: 32/32 MP: 5/5
  2017 | D:2      | Reached skill level 5 in Shields
  2237 | D:2      | 2237 ||| UPGRADING to +0 chain mail.
  2247 | D:2      | 2247 ||| DROPPING +0 scale mail.
  2248 | D:2      | 2248 ||| UPGRADING to +0 cloak.
  2253 | D:2      | 2253 ||| UPGRADING to amulet of the acrobat.
  2258 | D:2      | 2258 ||| UPGRADING to ring of protection from cold.
  2259 | D:2      | 2259 ||| READING 4 scrolls labelled EQIWUULUMI.
  2260 | D:2      | 2260 ||| READING scroll labelled REUVOD OMMARO.
  2261 | D:2      | 2261 ||| DRINKING 2 emerald potions.
  2262 | D:2      | 2262 ||| READING 3 scrolls of identify.
  2262 | D:2      | 2262 ||| IDENTIFYING ruby potion
  2263 | D:2      | 2263 ||| READING 2 scrolls of identify.
  2263 | D:2      | 2263 ||| IDENTIFYING bubbling inky potion
  2264 | D:2      | 2264 ||| DROPPING potion of flight.
  2265 | D:2      | 2265 ||| DROPPING potion of brilliance.
  2396 | D:3      | Identified the +9 dagger of Valiance {freeze, +Blink
                  | Stlth+}
  2983 | D:3      | 2983 ||| DROPPING +0 whip.
  3015 | D:3      | 3015 ||| UPGRADING to ring of protection from cold.
  3016 | D:3      | 3016 ||| READING scroll labelled PEURAD FIMPE.
  3017 | D:3      | 3017 ||| READING 3 scrolls of identify.
  3017 | D:3      | 3017 ||| IDENTIFYING yellow potion
  3018 | D:3      | 3018 ||| DROPPING potion of invisibility.
  3068 | D:4      | 3068 ||| Stepping ~*~*~tactically~*~*~ (stealth).
  3069 | D:4      | 3069 ||| Stepping ~*~*~tactically~*~*~ (stealth).
  3084 | D:4      | Noticed a black bear
  3099 | D:4      | HP: 6/32 [black bear (5)]
  3100 | D:4      | 3100 ||| DRINKING 2 potions of heal wounds.
  3102 | D:4      | Killed a black bear
  3103 | D:4      | Reached skill level 6 in Shields
  3103 | D:4      | Reached XP level 6. HP: 15/37 MP: 6/6
  3181 | D:4      | 3181 ||| FLEEEEING.
  3188 | D:4      | 3188 ||| FLEEEEING.
  3205 | D:4      | 3205 ||| FLEEEEING.
  3206 | D:4      | 3206 ||| FLEEEEING.
  3207 | D:4      | 3207 ||| FLEEEEING.
  3209 | D:4      | 3209 ||| STAIRDANCE
  3284 | D:3      | 3284 ||| READING scroll labelled XOBUJO HEMUUM.
  3365 | D:4      | Noticed Blork the orc
  3378 | D:4      | Killed Blork the orc
  3379 | D:4      | Reached skill level 7 in Shields
  3486 | D:4      | 3486 ||| Stepping ~*~*~tactically~*~*~ (stealth).
  3487 | D:4      | 3487 ||| Stepping ~*~*~tactically~*~*~ (stealth).
  3499 | D:4      | Reached XP level 7. HP: 41/41 MP: 7/7
  3538 | D:4      | Found a runed translucent gate.
  3538 | D:4      | Found a runed translucent gate.
  3540 | D:4      | Found a runed translucent gate.
  3552 | D:4      | Noticed qw's ghost (amateur GrFi)
  3552 | D:4      | Noticed qw's ghost (novice GrFi)
  3742 | D:4      | Reached skill level 1 in Throwing
  3884 | D:4      | 3884 ||| READING 2 scrolls labelled VOHICI YVVIOLL.
  3885 | D:4      | 3885 ||| READING scroll of brand weapon.
  3885 | D:4      | 3885 ||| BRANDING +0 war axe of draining.
  3886 | D:4      | 3886 ||| READING 2 scrolls labelled TUTICW EFFUI.
  3931 | D:5      | Entered Level 5 of the Dungeon
  3934 | D:5      | 3934 ||| STAIRDANCE
  4110 | D:5      | Reached skill level 8 in Shields
  4163 | D:5      | 4163 ||| Stepping ~*~*~tactically~*~*~ (stealth).
  4171 | D:5      | Reached XP level 8. HP: 46/46 MP: 8/8
  4172 | D:5      | 4172 ||| Stepping ~*~*~tactically~*~*~ (stealth).
  4173 | D:5      | 4173 ||| Stepping ~*~*~tactically~*~*~ (stealth).
  4174 | D:5      | 4174 ||| Stepping ~*~*~tactically~*~*~ (stealth).
  4250 | D:5      | 4250 ||| FLEEEEING.
  4251 | D:5      | 4251 ||| FLEEEEING.
  4254 | D:5      | 4254 ||| FLEEEEING.
  4255 | D:5      | 4255 ||| FLEEEEING.
  4256 | D:5      | 4256 ||| FLEEEEING.
  4257 | D:5      | 4257 ||| STAIRDANCE
  4374 | D:5      | 4374 ||| Stepping ~*~*~tactically~*~*~ (stealth).
  4375 | D:5      | 4375 ||| Stepping ~*~*~tactically~*~*~ (stealth).
  4379 | D:5      | Reached skill level 9 in Shields
  4394 | D:5      | Found an ancient bone altar of Kikubaaqudgha.
  4522 | D:5      | Reached skill level 6 in Axes
  4727 | D:5      | Reached skill level 1 in Dodging
  4808 | D:5      | 4808 ||| READING 3 scrolls of identify.
  4808 | D:5      | 4808 ||| IDENTIFYING sedimented red potion
  4809 | D:5      | 4809 ||| READING 2 scrolls of identify.
  4809 | D:5      | 4809 ||| IDENTIFYING green potion
  4810 | D:5      | 4810 ||| DROPPING potion of magic.
  4811 | D:5      | 4811 ||| DROPPING potion of berserk rage.
  4904 | D:6      | Reached XP level 9. HP: 52/52 MP: 9/9
  4924 | D:6      | Found a staircase to the Ecumenical Temple.
  4925 | D:6      | 4925 ||| PLANNING TEMPLE
  4932 | Temple   | Entered the Ecumenical Temple
  4939 | Temple   | 4939 ||| PLANNING OKAWARU WORSHIP
  5206 | Temple   | Became a worshipper of Warmaster Okawaru
  5207 | Temple   | 5207 ||| PLANNING D:1-11
  5361 | D:6      | 5361 ||| Stepping ~*~*~tactically~*~*~ (stealth).
  5366 | D:6      | 5366 ||| Stepping ~*~*~tactically~*~*~ (stealth).
  5379 | D:6      | 5379 ||| Stepping ~*~*~tactically~*~*~ (stealth).
  5380 | D:6      | 5380 ||| Stepping ~*~*~tactically~*~*~ (stealth).
  5383 | D:6      | 5383 ||| Stepping ~*~*~tactically~*~*~ (stealth).
  5385 | D:6      | 5385 ||| Stepping ~*~*~tactically~*~*~ (stealth).
  5388 | D:6      | Reached skill level 10 in Shields
  5425 | D:6      | 5425 ||| Stepping ~*~*~tactically~*~*~ (stealth).
  5503 | D:6      | 5503 ||| Stepping ~*~*~tactically~*~*~ (stealth).
  5560 | D:6      | 5560 ||| Stepping ~*~*~tactically~*~*~ (stealth).
  5627 | D:6      | Reached * piety under Okawaru
  5628 | D:6      | 5628 ||| Stepping ~*~*~tactically~*~*~ (cloud).
  5828 | D:6      | 5828 ||| DROPPING +0 flail.
  5877 | D:6      | 5877 ||| INVOKING Heroism.
  5879 | D:6      | 5879 ||| Stepping ~*~*~tactically~*~*~ (stealth).
  5887 | D:6      | 5887 ||| INVOKING Heroism.
  5890 | D:6      | Reached skill level 1 in Invocations
  6100 | D:6      | 6100 ||| READING scroll labelled BIUXAD ZOGO.
  6101 | D:6      | 6101 ||| READING scroll labelled DAIZER BYMAL.
  6124 | D:7      | 6124 ||| INVOKING Heroism.
  6135 | D:7      | 6135 ||| INVOKING Heroism.
  6166 | D:7      | 6166 ||| DROPPING +1 vorpal flail.
  6192 | D:7      | 6192 ||| Stepping ~*~*~tactically~*~*~ (stealth).
  6194 | D:7      | 6194 ||| Stepping ~*~*~tactically~*~*~ (hiding).
  6195 | D:7      | 6195 ||| Stepping ~*~*~tactically~*~*~ (hiding).
  6283 | D:7      | Reached skill level 3 in Invocations
  6341 | D:7      | 6341 ||| INVOKING Heroism.
  6359 | D:7      | 6359 ||| INVOKING Heroism.
  6378 | D:7      | 6378 ||| FLEEEEING.
  6523 | D:7      | 6523 ||| INVOKING Heroism.
  6545 | D:7      | 6545 ||| FLEEEEING.
  6546 | D:7      | 6546 ||| FLEEEEING.
  6549 | D:7      | 6549 ||| FLEEEEING.
  6640 | D:7      | 6640 ||| INVOKING Heroism.
  6754 | D:7      | 6754 ||| Stepping ~*~*~tactically~*~*~ (stealth).
  6757 | D:7      | 6757 ||| INVOKING Heroism.
  6767 | D:7      | Reached XP level 10. HP: 59/59 MP: 10/13
  6844 | D:7      | 6844 ||| INVOKING Heroism.
  6871 | D:7      | 6871 ||| INVOKING Heroism.
  6872 | D:7      | 6872 ||| Stepping ~*~*~tactically~*~*~ (hiding).
  6873 | D:7      | 6873 ||| Stepping ~*~*~tactically~*~*~ (hiding).
  6938 | D:7      | 6938 ||| DROPPING +0 morningstar.
  7215 | D:7      | 7215 ||| Stepping ~*~*~tactically~*~*~ (stealth).
  7217 | D:7      | 7217 ||| Stepping ~*~*~tactically~*~*~ (stealth).
  7231 | D:7      | 7231 ||| UPGRADING to +0 plate armour.
  7241 | D:7      | 7241 ||| DROPPING +0 chain mail.
  7242 | D:7      | 7242 ||| DRINKING 2 viscous amethyst potions.
  7243 | D:7      | 7243 ||| READING 4 scrolls of identify.
  7243 | D:7      | 7243 ||| IDENTIFYING fuming black potion
  7372 | D:8      | 7372 ||| Stepping ~*~*~tactically~*~*~ (stealth).
  7387 | D:8      | 7387 ||| Stepping ~*~*~tactically~*~*~ (stealth).
  7478 | D:8      | Reached skill level 11 in Shields
  7482 | D:8      | Reached ** piety under Okawaru
  7485 | D:8      | Noticed Pikel
  7486 | D:8      | 7486 ||| Stepping ~*~*~tactically~*~*~ (hiding).
  7495 | D:8      | 7495 ||| INVOKING Heroism.
  7498 | D:8      | Killed Pikel
  7642 | D:8      | Reached skill level 6 in Fighting
  8118 | D:9      | 8118 ||| INVOKING Heroism.
  8293 | D:9      | Noticed Maurice
  8314 | D:9      | Killed Maurice
  8315 | D:9      | Reached skill level 9 in Axes
  8409 | D:9      | 8409 ||| INVOKING Heroism.
  8416 | D:9      | Reached *** piety under Okawaru
  8472 | D:9      | 8472 ||| Stepping ~*~*~tactically~*~*~ (hiding).
  8480 | D:9      | 8480 ||| INVOKING Heroism.
  8769 | D:9      | 8769 ||| INVOKING Heroism.
  8772 | D:9      | Reached XP level 11. HP: 64/64 MP: 11/14
  8865 | D:9      | 8865 ||| READING scroll labelled DARIMU MIO.
  8866 | D:9      | 8866 ||| DRINKING 3 orange potions.
  8949 | D:10     | Entered Level 10 of the Dungeon
  8988 | D:10     | 8988 ||| INVOKING Heroism.
  9005 | D:10     | Reached skill level 12 in Shields
  9022 | D:10     | 9022 ||| Stepping ~*~*~tactically~*~*~ (hiding).
  9025 | D:10     | 9025 ||| DRINKING potion of curing.
  9025 | D:10     | 9025 ||| (to cure confusion)
  9050 | D:10     | Paralysed by something for 4 turns
  9068 | D:10     | 9068 ||| INVOKING Heroism.
  9256 | D:10     | 9256 ||| READING scroll of enchant armour.
  9256 | D:10     | 9256 ||| ENCHANTING +0 cloak.
  9288 | D:10     | 9288 ||| INVOKING Heroism.
  9297 | D:10     | 9297 ||| DRINKING potion of curing.
  9297 | D:10     | 9297 ||| (to cure confusion)
  9308 | D:10     | 9308 ||| INVOKING Heroism.
  9497 | D:10     | 9497 ||| INVOKING Heroism.
  9502 | D:10     | Reached skill level 6 in Armour
  9526 | D:10     | 9526 ||| READING 2 scrolls of teleportation.
  9567 | D:10     | Found the +4 skin of Zhor {*Englaciate rC+++ SInv}
  9641 | D:10     | 9641 ||| INVOKING Heroism.
  9927 | D:10     | 9927 ||| INVOKING Heroism.
  9991 | D:10     | 9991 ||| Stepping ~*~*~tactically~*~*~ (hiding).
  9992 | D:10     | 9992 ||| INVOKING Heroism.
 10197 | D:10     | Noticed a cyan ugly thing
 10198 | D:10     | 10198 ||| READING scroll of teleportation.
 10198 | D:10     | Noticed a manticore
 10199 | D:10     | 10199 ||| STAIRDANCE
 10290 | D:11     | Noticed a boulder beetle
 10291 | D:11     | 10291 ||| INVOKING Heroism.
 10315 | D:11     | 10315 ||| INVOKING Heroism.
 10316 | D:11     | Killed a boulder beetle
 10316 | D:11     | Reached **** piety under Okawaru
 10403 | D:11     | Noticed a death yak
 10404 | D:11     | Noticed a two-headed ogre
 10405 | D:11     | 10405 ||| INVOKING Heroism.
 10408 | D:11     | Noticed a death yak
 10410 | D:11     | Killed a two-headed ogre
 10421 | D:11     | 10421 ||| INVOKING Heroism.
 10425 | D:11     | Killed a death yak
 10426 | D:11     | Noticed a death yak
 10445 | D:11     | Killed a death yak
 10447 | D:11     | 10447 ||| INVOKING Heroism.
 10453 | D:11     | Killed a death yak
 10454 | D:11     | Reached skill level 6 in Invocations
 10456 | D:11     | Reached ***** piety under Okawaru
 10474 | D:11     | Found a staircase to the Lair.
 10477 | D:11     | 10477 ||| Stepping ~*~*~tactically~*~*~ (stealth).
 10478 | D:11     | 10478 ||| Stepping ~*~*~tactically~*~*~ (stealth).
 10560 | D:11     | You fall into a shaft and drop 1 floor!
 10563 | D:12     | Noticed Fannar
 10574 | D:12     | 10574 ||| INVOKING Heroism.
 10620 | D:12     | 10620 ||| INVOKING Heroism.
 10637 | D:12     | 10637 ||| INVOKING Heroism.
 10643 | D:12     | Killed Fannar
 10643 | D:12     | Received a gift from Okawaru
 11051 | D:12     | Found a staircase to the Orcish Mines.
 11060 | D:12     | 11060 ||| DROPPING scarf of shadows.
 11061 | D:12     | 11061 ||| READING 5 scrolls of identify.
 11061 | D:12     | 11061 ||| IDENTIFYING fizzy purple potion
 11062 | D:12     | 11062 ||| READING 4 scrolls of identify.
 11062 | D:12     | 11062 ||| IDENTIFYING golden potion
 11076 | D:11     | Found Conk's Antique Armour Shoppe.
 11085 | D:11     | 11085 ||| BUYING pair of embroidered boots (225 gold).
 11085 | D:11     | Bought a pair of embroidered boots for 225 gold pieces
 11085 | D:11     | 11085 ||| BUYING pair of glowing boots (225 gold).
 11085 | D:11     | Bought a pair of glowing boots for 225 gold pieces
 11085 | D:11     | 11085 ||| BUYING runed helmet (225 gold).
 11085 | D:11     | Bought a runed helmet for 225 gold pieces
 11085 | D:11     | 11085 ||| SHOPLISTING shiny chain mail (225 gold, have 14).
 11137 | D:11     | Reached skill level 13 in Shields
 11137 | D:11     | Reached XP level 12. HP: 70/72 MP: 17/17
 11287 | D:11     | 11287 ||| INVOKING Heroism.
 11293 | D:11     | HP: 18/72 [slime creature (13)]
 11294 | D:11     | 11294 ||| READING scroll of teleportation.
 11295 | D:11     | 11295 ||| DRINKING 4 potions of heal wounds.
 11409 | D:11     | 11409 ||| Stepping ~*~*~tactically~*~*~ (stealth).
 11412 | D:11     | 11412 ||| Stepping ~*~*~tactically~*~*~ (stealth).
 11418 | D:11     | 11418 ||| INVOKING Heroism.
 11435 | D:11     | Identified the +7 battleaxe "Loopy" {venom, Contam *Slow
                  | Fly rPois} (Okawaru gifted it to you on level 11 of the
                  | Dungeon)
 11435 | D:11     | Received a gift from Okawaru
 11766 | D:11     | 11766 ||| UPGRADING to +0 pair of boots of rampaging.
 11771 | D:11     | 11771 ||| UPGRADING to +2 pair of boots.
 11781 | D:11     | 11781 ||| DROPPING +0 pair of boots of rampaging.
 11782 | D:11     | 11782 ||| UPGRADING to +0 helmet of intelligence.
 11787 | D:11     | 11787 ||| READING 2 scrolls labelled PYILYO MU ONKOVADI.
 11788 | D:11     | 11788 ||| READING 4 scrolls of identify.
 11788 | D:11     | 11788 ||| IDENTIFYING puce potion
 11789 | D:11     | 11789 ||| DROPPING scroll of fear.
 11821 | D:10     | 11821 ||| Stepping randomly (stuck).
 11822 | D:10     | 11822 ||| Stepping randomly (stuck).
 11823 | D:10     | 11823 ||| Stepping randomly (stuck).
 11824 | D:10     | 11824 ||| Stepping randomly (stuck).
 11825 | D:10     | 11825 ||| Stepping randomly (stuck).
 11826 | D:10     | 11826 ||| Stepping randomly (stuck).
 11827 | D:10     | 11827 ||| Stepping randomly (stuck).
 11828 | D:10     | 11828 ||| Stepping randomly (stuck).
 11830 | D:10     | 11830 ||| Stepping ~*~*~tactically~*~*~ (hiding).
 11831 | D:10     | 11831 ||| Stepping ~*~*~tactically~*~*~ (hiding).
 11837 | D:10     | 11837 ||| INVOKING Heroism.
 11898 | D:10     | Noticed a tengu warrior
 11899 | D:10     | 11899 ||| Stepping ~*~*~tactically~*~*~ (hiding).
 11918 | D:10     | 11918 ||| INVOKING Heroism.
 11926 | D:10     | Killed a tengu warrior
 11960 | D:10     | 11960 ||| PLANNING LAIR
 12000 | Lair:1   | Entered Level 1 of the Lair of Beasts
 12003 | Lair:1   | 12003 ||| INVOKING Heroism.
 12029 | Lair:1   | Reached skill level 3 in Throwing
 12029 | Lair:1   | Reached skill level 9 in Invocations
 12036 | Lair:1   | 12036 ||| INVOKING Heroism.
 12099 | Lair:1   | 12099 ||| Stepping ~*~*~tactically~*~*~ (stealth).
 12100 | Lair:1   | 12100 ||| INVOKING Heroism.
 12166 | Lair:1   | 12166 ||| Stepping ~*~*~tactically~*~*~ (stealth).
 12167 | Lair:1   | 12167 ||| Stepping ~*~*~tactically~*~*~ (stealth).
 12171 | Lair:1   | 12171 ||| INVOKING Heroism.
 12196 | Lair:1   | Found a runed translucent door.
 12196 | Lair:1   | Noticed Olid's ghost (journeyman DrCj)
 12301 | Lair:1   | 12301 ||| Stepping ~*~*~tactically~*~*~ (stealth).
 12302 | Lair:1   | 12302 ||| Stepping ~*~*~tactically~*~*~ (stealth).
 12326 | Lair:1   | Noticed a death yak
 12326 | Lair:1   | Noticed a death yak
 12327 | Lair:1   | 12327 ||| Stepping ~*~*~tactically~*~*~ (stealth).
 12328 | Lair:1   | Noticed a death yak
 12328 | Lair:1   | Noticed a death yak
 12328 | Lair:1   | Noticed a death yak
 12329 | Lair:1   | 12329 ||| INVOKING Heroism.
 12330 | Lair:1   | 12330 ||| INVOKING Finesse.
 12333 | Lair:1   | Noticed a death yak
 12334 | Lair:1   | 12334 ||| Stepping ~*~*~tactically~*~*~ (stealth).
 12339 | Lair:1   | 12339 ||| Stepping ~*~*~tactically~*~*~ (stealth).
 12340 | Lair:1   | 12340 ||| Stepping ~*~*~tactically~*~*~ (stealth).
 12341 | Lair:1   | 12341 ||| Stepping ~*~*~tactically~*~*~ (stealth).
 12342 | Lair:1   | Killed a death yak
 12342 | Lair:1   | Received a gift from Okawaru
 12358 | Lair:1   | Killed a death yak
 12365 | Lair:1   | Killed a death yak
 12367 | Lair:1   | Killed a death yak
 12367 | Lair:1   | Identified the +8 broad axe of the Dungeon {elec, Int+3}
                  | (Okawaru gifted it to you on level 1 of the Lair of Beasts)
 12367 | Lair:1   | Received a gift from Okawaru
 12374 | Lair:1   | Killed a death yak
 12376 | Lair:1   | Killed a death yak
 12377 | Lair:1   | Reached XP level 13. HP: 78/78 MP: 15/20
 12402 | Lair:1   | 12402 ||| SWAPPING to +8 broad axe of the Dungeon {elec,
                  | Int+3}.
 12403 | Lair:1   | 12403 ||| DROPPING +0 vampiric war axe.
 12524 | Lair:1   | Identified the +3 ring mail of Beahaun {rF+ Will+}
 13024 | Lair:2   | 13024 ||| INVOKING Heroism.
 13025 | Lair:2   | 13025 ||| Stepping ~*~*~tactically~*~*~ (stealth).
 13027 | Lair:2   | 13027 ||| Stepping ~*~*~tactically~*~*~ (stealth).
 13087 | Lair:2   | Found a staircase to the Shoals.
 13090 | Lair:2   | 13090 ||| Stepping ~*~*~tactically~*~*~ (stealth).
 13383 | Lair:2   | 13383 ||| Stepping ~*~*~tactically~*~*~ (stealth).
 13441 | Lair:2   | 13441 ||| Stepping ~*~*~tactically~*~*~ (stealth).
 13442 | Lair:2   | 13442 ||| Stepping ~*~*~tactically~*~*~ (stealth).
 13444 | Lair:2   | 13444 ||| INVOKING Heroism.
 13445 | Lair:2   | 13445 ||| INVOKING Finesse.
 13450 | Lair:2   | Received a gift from Okawaru
 13455 | Lair:2   | Reached skill level 9 in Fighting
 13545 | Lair:2   | 13545 ||| DROPPING +4 war axe of flaming.
 13628 | Lair:2   | 13628 ||| INVOKING Heroism.
 13634 | Lair:2   | Noticed Erica
 13635 | Lair:2   | 13635 ||| INVOKING Finesse.
 13656 | Lair:2   | 13656 ||| DRINKING potion of curing.
 13656 | Lair:2   | 13656 ||| (to cure confusion)
 13657 | Lair:2   | Killed Erica
 13658 | Lair:2   | Reached skill level 14 in Shields
 13976 | Lair:2   | 13976 ||| DROPPING +1 pair of gloves.
 13977 | Lair:2   | 13977 ||| UPGRADING to amulet of reflection.
 13987 | Lair:2   | 13987 ||| DROPPING amulet of the acrobat.
 14027 | Lair:3   | 14027 ||| PLANNING GAUNTLET
 14187 | Lair:3   | 14187 ||| Stepping ~*~*~tactically~*~*~ (stealth).
 14238 | Lair:3   | Found a gate leading to a gauntlet.
 14239 | Lair:3   | 14239 ||| DROPPING ring of ice.
 14252 | Gauntlet | Entered a Gauntlet
 14252 | Gauntlet | Found a runed translucent door.
 14252 | Gauntlet | Found a transporter.
 14252 | Gauntlet | Found a runed translucent door.
 14252 | Gauntlet | Found a transporter.
 14254 | Gauntlet | Found a transporter.
 14254 | Gauntlet | Found a transporter.
 14257 | Gauntlet | Found a transporter.
 14264 | Gauntlet | Found a transporter.
 14265 | Gauntlet | Found a transporter.
 14266 | Gauntlet | Found a transporter.
 14269 | Gauntlet | Found a transporter.
 14279 | Gauntlet | Found a transporter.
 14280 | Gauntlet | Found a transporter.
 14328 | Gauntlet | Found a transporter.
 14449 | Gauntlet | 14449 ||| UPGRADING to +1 cloak of willpower.
 14459 | Gauntlet | 14459 ||| DROPPING +1 cloak.
 14476 | Gauntlet | Reached skill level 9 in Armour
 14495 | Gauntlet | 14495 ||| READING scroll labelled BILEIM RASA.
 14500 | Gauntlet | 14500 ||| INVOKING Heroism.
 14587 | Gauntlet | 14587 ||| UPGRADING to +4 ring of protection.
 14607 | Gauntlet | Identified the amulet of Coveg {Spirit Str+4 Int+4}
 14607 | Gauntlet | Noticed a minotaur
 14608 | Gauntlet | 14608 ||| Stepping ~*~*~tactically~*~*~ (hiding).
 14612 | Gauntlet | 14612 ||| INVOKING Heroism.
 14613 | Gauntlet | 14613 ||| INVOKING Finesse.
 14631 | Gauntlet | Killed a minotaur
 14786 | Lair:3   | 14786 ||| PLANNING LAIR
 14950 | Lair:3   | 14950 ||| INVOKING Heroism.
 15023 | Lair:3   | Found a staircase to the Snake Pit.
 15139 | Lair:3   | Received a gift from Okawaru
 15471 | Lair:3   | 15471 ||| UPGRADING to +4 ring of evasion.
 15584 | Lair:4   | Reached skill level 12 in Axes
 15604 | Lair:4   | 15604 ||| Stepping ~*~*~tactically~*~*~ (stealth).
 15614 | Lair:4   | 15614 ||| INVOKING Heroism.
 15779 | Lair:4   | Found a staircase to the Slime Pits.
 15780 | Lair:4   | Found a viscous altar of Jiyva.
 15846 | Lair:4   | 15846 ||| Stepping ~*~*~tactically~*~*~ (stealth).
 15847 | Lair:4   | 15847 ||| Stepping ~*~*~tactically~*~*~ (stealth).
 15952 | Lair:4   | Noticed Snorg
 15954 | Lair:4   | 15954 ||| INVOKING Heroism.
 15955 | Lair:4   | 15955 ||| INVOKING Finesse.
 15956 | Lair:4   | 15956 ||| INVOKING Finesse.
 15962 | Lair:4   | Killed Snorg
 15962 | Lair:4   | Identified the +7 broad axe of the Tundras {vorpal, Str+4}
                  | (Okawaru gifted it to you on level 4 of the Lair of Beasts)
 15962 | Lair:4   | Received a gift from Okawaru
 16004 | Lair:4   | 16004 ||| DROPPING +7 broad axe of the Tundras {vorpal,
                  | Str+4}.
 16342 | Lair:5   | Entered Level 5 of the Lair of Beasts
 16343 | Lair:5   | 16343 ||| INVOKING Heroism.
 16352 | Lair:5   | Gained mutation: Your large and strong wings let you fly.
                  | [Gargoyle growth]
 16352 | Lair:5   | Reached XP level 14. HP: 86/86 MP: 19/21
 16372 | Lair:5   | 16372 ||| Stepping ~*~*~tactically~*~*~ (stealth).
 16373 | Lair:5   | 16373 ||| Stepping ~*~*~tactically~*~*~ (stealth).
 16437 | Lair:5   | 16437 ||| INVOKING Heroism.
 16438 | Lair:5   | 16438 ||| INVOKING Finesse.
 16473 | Lair:5   | Identified the +0 kite shield "Vovvuph" {+Blink Int+3
                  | Slay+2} (Okawaru gifted it to you on level 5 of the Lair of
                  | Beasts)
 16473 | Lair:5   | Received a gift from Okawaru
 16523 | Lair:5   | 16523 ||| Stepping ~*~*~tactically~*~*~ (stealth).
 16575 | Lair:5   | 16575 ||| Stepping ~*~*~tactically~*~*~ (stealth).
 16576 | Lair:5   | 16576 ||| Stepping ~*~*~tactically~*~*~ (stealth).
 16580 | Lair:5   | 16580 ||| INVOKING Heroism.
 16646 | Lair:5   | 16646 ||| Stepping ~*~*~tactically~*~*~ (stealth).
 16650 | Lair:5   | 16650 ||| Stepping ~*~*~tactically~*~*~ (stealth).
 16674 | Lair:5   | 16674 ||| Stepping ~*~*~tactically~*~*~ (hiding).
 16811 | Lair:5   | 16811 ||| INVOKING Heroism.
 16841 | Lair:5   | 16841 ||| Stepping ~*~*~tactically~*~*~ (hiding).
 16842 | Lair:5   | 16842 ||| INVOKING Finesse.
 16846 | Lair:5   | 16846 ||| SWAPPING to +1 broad axe of flaming.
 16847 | Lair:5   | 16847 ||| INVOKING Heroism.
 16856 | Lair:5   | Reached skill level 15 in Shields
 16856 | Lair:5   | 16856 ||| SWAPPING to +8 broad axe of the Dungeon {elec,
                  | Int+3}.
 16910 | Lair:5   | 16910 ||| Stepping ~*~*~tactically~*~*~ (hiding).
 16936 | Lair:5   | 16936 ||| Stepping ~*~*~tactically~*~*~ (stealth).
 16939 | Lair:5   | 16939 ||| INVOKING Heroism.
 16940 | Lair:5   | 16940 ||| SWAPPING to +1 broad axe of flaming.
 16942 | Lair:5   | 16942 ||| INVOKING Finesse.
 16943 | Lair:5   | 16943 ||| SWAPPING to +8 broad axe of the Dungeon {elec,
                  | Int+3}.
 16948 | Lair:5   | 16948 ||| SWAPPING to +1 broad axe of flaming.
 16950 | Lair:5   | 16950 ||| SWAPPING to +8 broad axe of the Dungeon {elec,
                  | Int+3}.
 16953 | Lair:5   | 16953 ||| SWAPPING to +1 broad axe of flaming.
 16960 | Lair:5   | 16960 ||| SWAPPING to +8 broad axe of the Dungeon {elec,
                  | Int+3}.
 17256 | Lair:5   | 17256 ||| INVOKING Heroism.
 17257 | Lair:5   | 17257 ||| INVOKING Finesse.
 17258 | Lair:5   | 17258 ||| Stepping ~*~*~tactically~*~*~ (stealth).
 17401 | Lair:5   | 17401 ||| INVOKING Heroism.
 17447 | Lair:5   | 17447 ||| PLANNING D
 17447 | Lair:5   | 17447 ||| READING scroll labelled CEMMIU YLIEGORE.
 17605 | D:12     | 17605 ||| INVOKING Heroism.
 17606 | D:12     | 17606 ||| INVOKING Finesse.
 17722 | D:12     | Found a transporter.
 17728 | D:12     | Found a transporter.
 17729 | D:12     | Found a bloodstained altar of Trog.
 17729 | D:12     | Noticed Cooqonn's ghost (journeyman DsVM)
 17865 | D:12     | 17865 ||| INVOKING Heroism.
 17868 | D:12     | 17868 ||| Stepping ~*~*~tactically~*~*~ (stealth).
 17888 | D:12     | 17888 ||| INVOKING Heroism.
 18012 | D:12     | Reached XP level 15. HP: 92/92 MP: 22/22
 18027 | D:12     | 18027 ||| Stepping ~*~*~tactically~*~*~ (stealth).
 18032 | D:12     | 18032 ||| Stepping ~*~*~tactically~*~*~ (stealth).
 18208 | D:12     | 18208 ||| READING 12 scrolls of identify.
 18208 | D:12     | 18208 ||| IDENTIFYING metallic white potion
 18285 | D:13     | 18285 ||| Stepping ~*~*~tactically~*~*~ (hiding).
 18328 | D:13     | 18328 ||| FLEEEEING.
 18329 | D:13     | 18329 ||| FLEEEEING.
 18330 | D:13     | 18330 ||| FLEEEEING.
 18331 | D:13     | 18331 ||| FLEEEEING.
 18332 | D:13     | 18332 ||| FLEEEEING.
 18333 | D:13     | 18333 ||| FLEEEEING.
 18339 | D:13     | 18339 ||| FLEEEEING.
 18340 | D:13     | 18340 ||| FLEEEEING.
 18341 | D:13     | 18341 ||| FLEEEEING.
 18342 | D:13     | 18342 ||| FLEEEEING.
 18343 | D:13     | 18343 ||| FLEEEEING.
 18344 | D:13     | 18344 ||| FLEEEEING.
 18345 | D:13     | 18345 ||| FLEEEEING.
 18346 | D:13     | 18346 ||| FLEEEEING.
 18347 | D:13     | 18347 ||| FLEEEEING.
 18348 | D:13     | 18348 ||| FLEEEEING.
 18349 | D:13     | 18349 ||| FLEEEEING.
 18350 | D:13     | 18350 ||| FLEEEEING.
 18351 | D:13     | 18351 ||| FLEEEEING.
 18352 | D:13     | 18352 ||| FLEEEEING.
 18524 | D:13     | 18524 ||| INVOKING Heroism.
 18525 | D:13     | 18525 ||| INVOKING Finesse.
 18527 | D:13     | 18527 ||| SWAPPING to +1 broad axe of flaming.
 18533 | D:13     | 18533 ||| SWAPPING to +8 broad axe of the Dungeon {elec,
                  | Int+3}.
 18618 | D:13     | 18618 ||| INVOKING Heroism.
 18619 | D:13     | 18619 ||| INVOKING Finesse.
 18623 | D:13     | 18623 ||| SWAPPING to +1 broad axe of flaming.
 18629 | D:13     | 18629 ||| SWAPPING to +8 broad axe of the Dungeon {elec,
                  | Int+3}.
 18716 | D:13     | 18716 ||| INVOKING Heroism.
 18722 | D:13     | Noticed a sphinx
 18724 | D:13     | Paralysed by a sphinx for 4 turns
 18735 | D:13     | Received a gift from Okawaru
 18736 | D:13     | Reached skill level 16 in Shields
 18739 | D:13     | Killed a sphinx
 18976 | D:13     | 18976 ||| READING scroll of enchant armour.
 18976 | D:13     | 18976 ||| ENCHANTING +0 helmet of intelligence.
 19001 | D:13     | 19001 ||| INVOKING Heroism.
 19218 | D:13     | 19218 ||| INVOKING Heroism.
 19219 | D:13     | 19219 ||| INVOKING Finesse.
 19645 | D:13     | 19645 ||| DROPPING +0 helmet of intelligence.
 19646 | D:13     | 19646 ||| DROPPING ring of positive energy.
 19657 | D:14     | 19657 ||| INVOKING Heroism.
 19689 | D:14     | HP: 7/94 [skeletal warrior/+0 halberd (18)]
 19690 | D:14     | 19690 ||| READING 3 scrolls of teleportation.
 19691 | D:14     | 19691 ||| DRINKING 4 potions of heal wounds.
 19701 | D:14     | HP: 23/94 [tengu warrior/+2 great sword (4)]
 19702 | D:14     | 19702 ||| READING 2 scrolls of teleportation.
 19703 | D:14     | 19703 ||| DRINKING 3 potions of heal wounds.
 19877 | D:14     | 19877 ||| Stepping ~*~*~tactically~*~*~ (stealth).
 19883 | D:14     | 19883 ||| INVOKING Heroism.
 19895 | D:14     | 19895 ||| Stepping ~*~*~tactically~*~*~ (stealth).
 19897 | D:14     | 19897 ||| Stepping ~*~*~tactically~*~*~ (stealth).
 19898 | D:14     | 19898 ||| Stepping ~*~*~tactically~*~*~ (stealth).
 19990 | D:14     | Found a gate to the Vaults.
 20158 | D:14     | Reached skill level 15 in Axes
 20479 | D:14     | Found a white marble altar of Elyvilon.
 20743 | D:15     | Entered Level 15 of the Dungeon
 20768 | D:15     | 20768 ||| Stepping ~*~*~tactically~*~*~ (stealth).
 20769 | D:15     | 20769 ||| INVOKING Heroism.
 20770 | D:15     | 20770 ||| Stepping ~*~*~tactically~*~*~ (stealth).
 20845 | D:15     | Reached skill level 12 in Fighting
 20906 | D:15     | Found the +4 Cigotuvi's embrace {rMiasma Drain rN+}
 20947 | D:15     | 20947 ||| Stepping ~*~*~tactically~*~*~ (hiding).
 20948 | D:15     | 20948 ||| Stepping ~*~*~tactically~*~*~ (hiding).
 21075 | D:15     | 21075 ||| Stepping ~*~*~tactically~*~*~ (hiding).
 21083 | D:15     | Identified the +4 chain mail of Hihel {Drain Fly rPois
                  | Int+9} (Okawaru gifted it to you on level 15 of the
                  | Dungeon)
 21083 | D:15     | Received a gift from Okawaru
 21084 | D:15     | Reached skill level 3 in Dodging
 21194 | D:15     | 21194 ||| Stepping ~*~*~tactically~*~*~ (hiding).
 21198 | D:15     | 21198 ||| Stepping ~*~*~tactically~*~*~ (hiding).
 21200 | D:15     | 21200 ||| INVOKING Heroism.
 21222 | D:15     | Reached XP level 16. HP: 101/101 MP: 23/23
 21251 | D:15     | 21251 ||| INVOKING Heroism.
 21392 | D:15     | 21392 ||| Stepping ~*~*~tactically~*~*~ (hiding).
 21451 | D:15     | 21451 ||| Stepping ~*~*~tactically~*~*~ (stealth).
 21471 | D:15     | 21471 ||| INVOKING Heroism.
 21472 | D:15     | 21472 ||| Stepping ~*~*~tactically~*~*~ (stealth).
 21475 | D:15     | 21475 ||| INVOKING Finesse.
 21523 | D:15     | Found a staircase to the Depths.
 21579 | D:15     | 21579 ||| Stepping ~*~*~tactically~*~*~ (hiding).
 21580 | D:15     | 21580 ||| Stepping ~*~*~tactically~*~*~ (hiding).
 21581 | D:15     | 21581 ||| Stepping ~*~*~tactically~*~*~ (hiding).
 21701 | D:15     | 21701 ||| INVOKING Heroism.
 21702 | D:15     | Noticed Kirke
 21702 | D:15     | 21702 ||| INVOKING Finesse.
 21704 | D:15     | Noticed a sphinx
 21732 | D:15     | Killed Kirke
 21985 | D:15     | Found a sparkling altar of Nemelex Xobeh.
 21997 | D:15     | 21997 ||| PLANNING ORC
 21997 | D:15     | 21997 ||| DROPPING +4 chain mail of Hihel {Drain Fly rPois
                  | Int+9}.
 22057 | Orc:1    | Entered Level 1 of the Orcish Mines
 22058 | Orc:1    | 22058 ||| Stepping ~*~*~tactically~*~*~ (hiding).
 22059 | Orc:1    | 22059 ||| Stepping ~*~*~tactically~*~*~ (hiding).
 22068 | Orc:1    | 22068 ||| Stepping ~*~*~tactically~*~*~ (hiding).
 22073 | Orc:1    | 22073 ||| INVOKING Heroism.
 22088 | Orc:1    | 22088 ||| Stepping ~*~*~tactically~*~*~ (stealth).
 22090 | Orc:1    | 22090 ||| Stepping ~*~*~tactically~*~*~ (hiding).
 22091 | Orc:1    | 22091 ||| Stepping ~*~*~tactically~*~*~ (hiding).
 22211 | Orc:1    | 22211 ||| Stepping ~*~*~tactically~*~*~ (stealth).
 22212 | Orc:1    | 22212 ||| INVOKING Heroism.
 22270 | Orc:1    | Found a radiant altar of Vehumet.
 22328 | Orc:1    | 22328 ||| INVOKING Heroism.
 22530 | Orc:1    | 22530 ||| Stepping ~*~*~tactically~*~*~ (stealth).
 22534 | Orc:1    | 22534 ||| INVOKING Heroism.
 22549 | Orc:1    | 22549 ||| Stepping ~*~*~tactically~*~*~ (stealth).
 22551 | Orc:1    | 22551 ||| Stepping ~*~*~tactically~*~*~ (hiding).
 22580 | Orc:1    | 22580 ||| INVOKING Heroism.
 22737 | Orc:1    | Found a dark tunnel.
 22816 | Orc:2    | Entered Level 2 of the Orcish Mines
 22820 | Orc:2    | 22820 ||| INVOKING Heroism.
 22994 | Orc:2    | 22994 ||| Stepping ~*~*~tactically~*~*~ (hiding).
 22996 | Orc:2    | Found Oxzolye's General Store.
 23000 | Orc:2    | 23000 ||| INVOKING Heroism.
 23002 | Orc:2    | 23002 ||| Stepping ~*~*~tactically~*~*~ (hiding).
 23010 | Orc:2    | 23010 ||| Stepping ~*~*~tactically~*~*~ (hiding).
 23011 | Orc:2    | 23011 ||| Stepping ~*~*~tactically~*~*~ (hiding).
 23039 | Orc:2    | Reached skill level 12 in Armour
 23039 | Orc:2    | 23039 ||| INVOKING Heroism.
 23042 | Orc:2    | HP: 20/101 [sun demon[an orc high priest] (7)]
 23042 | Orc:2    | HP: 5/101 [sun demon[an orc high priest] (15)]
 23043 | Orc:2    | 23043 ||| READING scroll of teleportation.
 23044 | Orc:2    | 23044 ||| DRINKING 2 potions of heal wounds.
 23047 | Orc:2    | 23047 ||| DRINKING potion of heal wounds.
 23244 | Orc:2    | 23244 ||| Stepping ~*~*~tactically~*~*~ (stealth).
 23245 | Orc:2    | 23245 ||| Stepping ~*~*~tactically~*~*~ (stealth).
 23246 | Orc:2    | 23246 ||| INVOKING Heroism.
 23337 | Orc:2    | Found Hosill's Assorted Antiques.
 23338 | Orc:2    | 23338 ||| INVOKING Heroism.
 23339 | Orc:2    | Found Royvve's Weapon Boutique.
 23353 | Orc:2    | Found Kekid's General Store.
 23355 | Orc:2    | 23355 ||| BUYING potion of haste (320 gold).
 23355 | Orc:2    | Bought a potion of haste for 320 gold pieces
 23355 | Orc:2    | 23355 ||| BUYING scroll of enchant weapon (240 gold).
 23355 | Orc:2    | Bought a scroll of enchant weapon for 240 gold pieces
 23358 | Orc:2    | 23358 ||| BUYING +1 plate armour of Fortitude {Str+6} (809
                  | gold).
 23358 | Orc:2    | Bought the +1 plate armour of Fortitude {Str+6} for 809
                  | gold pieces
 23358 | Orc:2    | 23358 ||| SHOPLISTING scroll of acquirement (884 gold, have
                  | 601).
 23403 | Orc:2    | Found Venerrih's Armour Emporium.
 23451 | Orc:2    | 23451 ||| Stepping ~*~*~tactically~*~*~ (hiding).
 23453 | Orc:2    | Found a staircase to the Elven Halls.
 23528 | Orc:2    | Found Tixok's Jewellery Emporium.
 23551 | Orc:2    | 23551 ||| INVOKING Heroism.
 23614 | Orc:2    | 23614 ||| PLANNING SNAKE:1-3
 23614 | Orc:2    | 23614 ||| UPGRADING to +1 plate armour of Fortitude
                  | {Str+6}.
 23624 | Orc:2    | 23624 ||| DROPPING +3 ring mail of Beahaun {rF+ Will+}.
 23625 | Orc:2    | 23625 ||| DROPPING +4 skin of Zhor {*Englaciate rC+++
                  | SInv}.
 23626 | Orc:2    | 23626 ||| DROPPING +0 plate armour.
 23752 | Snake:1  | Entered Level 1 of the Snake Pit
 23786 | Snake:1  | 23786 ||| Stepping ~*~*~tactically~*~*~ (hiding).
 23793 | Snake:1  | Noticed Xitaol's ghost (adept SpEn)
 23964 | Snake:1  | 23964 ||| Stepping ~*~*~tactically~*~*~ (hiding).
 23965 | Snake:1  | 23965 ||| Stepping ~*~*~tactically~*~*~ (hiding).
 23973 | Snake:1  | 23973 ||| INVOKING Heroism.
 23979 | Snake:1  | Reached skill level 17 in Shields
 23979 | Snake:1  | 23979 ||| Stepping ~*~*~tactically~*~*~ (hiding).
 24070 | Snake:1  | 24070 ||| Stepping ~*~*~tactically~*~*~ (hiding).
 24096 | Snake:1  | 24096 ||| Stepping ~*~*~tactically~*~*~ (hiding).
 24113 | Snake:1  | 24113 ||| Stepping ~*~*~tactically~*~*~ (hiding).
 24124 | Snake:1  | Received a gift from Okawaru
 24188 | Snake:1  | 24188 ||| Stepping ~*~*~tactically~*~*~ (hiding).
 24193 | Snake:1  | 24193 ||| INVOKING Heroism.
 24246 | Snake:1  | 24246 ||| Stepping ~*~*~tactically~*~*~ (stealth).
 24247 | Snake:1  | 24247 ||| Stepping ~*~*~tactically~*~*~ (stealth).
 24602 | Snake:1  | 24602 ||| Stepping ~*~*~tactically~*~*~ (hiding).
 24726 | Snake:1  | 24726 ||| Stepping ~*~*~tactically~*~*~ (stealth).
 24728 | Snake:1  | 24728 ||| Stepping ~*~*~tactically~*~*~ (stealth).
 24729 | Snake:1  | 24729 ||| Stepping ~*~*~tactically~*~*~ (stealth).
 24732 | Snake:1  | 24732 ||| INVOKING Heroism.
 24745 | Snake:1  | Received a gift from Okawaru
 24835 | Snake:1  | 24835 ||| Stepping ~*~*~tactically~*~*~ (stealth).
 24837 | Snake:1  | 24837 ||| Stepping ~*~*~tactically~*~*~ (hiding).
 24839 | Snake:1  | 24839 ||| Stepping ~*~*~tactically~*~*~ (hiding).
 24940 | Snake:1  | 24940 ||| Stepping ~*~*~tactically~*~*~ (stealth).
 24956 | Snake:1  | Found a transporter.
 24960 | Snake:1  | 24960 ||| Stepping ~*~*~tactically~*~*~ (hiding).
 24982 | Snake:1  | Found a transporter.
 25126 | Snake:1  | Found a runed translucent gate.
 25126 | Snake:1  | Found a runed translucent gate.
 25126 | Snake:1  | Found a runed translucent gate.
 25216 | Snake:1  | 25216 ||| DROPPING scarf of harm.
 25217 | Snake:1  | 25217 ||| READING 13 scrolls of identify.
 25217 | Snake:1  | 25217 ||| IDENTIFYING blue potion
 25218 | Snake:1  | 25218 ||| DROPPING potion of degeneration.
 25248 | Snake:2  | 25248 ||| INVOKING Heroism.
 25271 | Snake:2  | Reached skill level 6 in Throwing
 25295 | Snake:2  | 25295 ||| Stepping ~*~*~tactically~*~*~ (hiding).
 25304 | Snake:2  | Reached XP level 17. HP: 68/106 MP: 24/24
 25307 | Snake:2  | 25307 ||| INVOKING Heroism.
 25690 | Snake:2  | You are sucked into a shaft and drop 1 floor!
 25723 | Snake:3  | 25723 ||| READING 12 scrolls of identify.
 25723 | Snake:3  | 25723 ||| IDENTIFYING fuming golden potion
 25724 | Snake:3  | 25724 ||| DROPPING potion of ambrosia.
 25874 | Snake:2  | 25874 ||| Stepping ~*~*~tactically~*~*~ (hiding).
 25878 | Snake:2  | 25878 ||| Stepping ~*~*~tactically~*~*~ (hiding).
 25912 | Snake:2  | 25912 ||| Stepping ~*~*~tactically~*~*~ (hiding).
 25921 | Snake:2  | Received a gift from Okawaru
 25974 | Snake:2  | 25974 ||| Stepping ~*~*~tactically~*~*~ (hiding).
 26156 | Snake:2  | 26156 ||| Stepping ~*~*~tactically~*~*~ (hiding).
 26160 | Snake:2  | 26160 ||| Stepping ~*~*~tactically~*~*~ (hiding).
 26296 | Snake:2  | 26296 ||| Stepping ~*~*~tactically~*~*~ (hiding).
 26297 | Snake:2  | 26297 ||| Stepping ~*~*~tactically~*~*~ (hiding).
 27032 | Snake:3  | Noticed Aizul
 27033 | Snake:3  | 27033 ||| INVOKING Heroism.
 27034 | Snake:3  | 27034 ||| INVOKING Finesse.
 27044 | Snake:3  | Killed Aizul
 27113 | Snake:3  | 27113 ||| Stepping ~*~*~tactically~*~*~ (hiding).
 27115 | Snake:3  | 27115 ||| INVOKING Heroism.
 27198 | Snake:3  | 27198 ||| Stepping ~*~*~tactically~*~*~ (hiding).
 27204 | Snake:3  | 27204 ||| Stepping ~*~*~tactically~*~*~ (hiding).
 27212 | Snake:3  | 27212 ||| INVOKING Heroism.
 27218 | Snake:3  | Received a gift from Okawaru
 27312 | Snake:3  | 27312 ||| Stepping ~*~*~tactically~*~*~ (hiding).
 27319 | Snake:3  | 27319 ||| INVOKING Heroism.
 27330 | Snake:3  | 27330 ||| Stepping ~*~*~tactically~*~*~ (stealth).
 27331 | Snake:3  | 27331 ||| Stepping ~*~*~tactically~*~*~ (stealth).
 27346 | Snake:3  | 27346 ||| INVOKING Heroism.
 27363 | Snake:3  | Received a gift from Okawaru
 27566 | Snake:3  | 27566 ||| INVOKING Heroism.
 27663 | Snake:3  | Noticed Vashnia
 27664 | Snake:3  | 27664 ||| Stepping ~*~*~tactically~*~*~ (hiding).
 27668 | Snake:3  | 27668 ||| INVOKING Heroism.
 27681 | Snake:3  | Killed Vashnia
 27689 | Snake:3  | Received a gift from Okawaru
 27693 | Snake:3  | 27693 ||| Stepping ~*~*~tactically~*~*~ (hiding).
 28073 | Snake:3  | 28073 ||| Stepping ~*~*~tactically~*~*~ (stealth).
 28075 | Snake:3  | 28075 ||| INVOKING Heroism.
 28222 | Snake:3  | 28222 ||| Stepping ~*~*~tactically~*~*~ (hiding).
 28377 | Snake:3  | 28377 ||| PLANNING SHOALS:1-3
 28506 | Shoals:1 | Entered Level 1 of the Shoals
 28519 | Shoals:1 | 28519 ||| Stepping ~*~*~tactically~*~*~ (stealth).
 28521 | Shoals:1 | 28521 ||| Stepping ~*~*~tactically~*~*~ (hiding).
 28526 | Shoals:1 | 28526 ||| INVOKING Heroism.
 28527 | Shoals:1 | 28527 ||| INVOKING Finesse.
 28565 | Shoals:1 | 28565 ||| Stepping ~*~*~tactically~*~*~ (stealth).
 28603 | Shoals:1 | 28603 ||| Stepping ~*~*~tactically~*~*~ (hiding).
 28604 | Shoals:1 | 28604 ||| Stepping ~*~*~tactically~*~*~ (hiding).
 28723 | Shoals:1 | 28723 ||| INVOKING Heroism.
 28878 | Shoals:1 | 28878 ||| INVOKING Heroism.
 28897 | Shoals:1 | Found a runed translucent door.
 28897 | Shoals:1 | Noticed Heh's ghost (adept DsGl)
 29179 | Shoals:1 | 29179 ||| INVOKING Heroism.
 29180 | Shoals:1 | 29180 ||| INVOKING Finesse.
 29264 | Shoals:1 | 29264 ||| INVOKING Heroism.
 29272 | Shoals:1 | Received a gift from Okawaru
 29313 | Shoals:1 | 29313 ||| INVOKING Heroism.
 29363 | Shoals:1 | Reached skill level 18 in Axes
 29363 | Shoals:1 | 29363 ||| INVOKING Heroism.
 29364 | Shoals:1 | 29364 ||| INVOKING Finesse.
 29655 | Shoals:1 | 29655 ||| DROPPING +6 ring of dexterity.
 29663 | Shoals:2 | 29663 ||| STAIRDANCE
 29677 | Shoals:2 | 29677 ||| INVOKING Heroism.
 29680 | Shoals:2 | Received a gift from Okawaru
 29681 | Shoals:2 | Reached XP level 18. HP: 114/114 MP: 22/25
 29684 | Shoals:2 | 29684 ||| DROPPING +1 broad axe of flaming.
 29701 | Shoals:2 | 29701 ||| INVOKING Heroism.
 29723 | Shoals:2 | 29723 ||| READING scroll of enchant armour.
 29723 | Shoals:2 | 29723 ||| ENCHANTING +1 helmet of intelligence.
 29743 | Shoals:2 | 29743 ||| INVOKING Heroism.
 29885 | Shoals:2 | 29885 ||| FLEEEEING.
 29886 | Shoals:2 | 29886 ||| FLEEEEING.
 29887 | Shoals:2 | 29887 ||| FLEEEEING.
 29937 | Shoals:2 | 29937 ||| Stepping ~*~*~tactically~*~*~ (hiding).
 30126 | Shoals:2 | 30126 ||| INVOKING Heroism.
 30138 | Shoals:2 | Received a gift from Okawaru
 30163 | Shoals:2 | Noticed Polyphemus
 30164 | Shoals:2 | 30164 ||| INVOKING Finesse.
 30179 | Shoals:2 | Killed Polyphemus
 30279 | Shoals:2 | Reached skill level 18 in Shields
 30281 | Shoals:2 | Found Bekomiqa's Overcharged Wands.
 30292 | Shoals:2 | 30292 ||| INVOKING Heroism.
 30401 | Shoals:2 | Identified the +5 chain mail "Ycvopol" {rC+ Str+2 Dex+3}
 30581 | Shoals:2 | 30581 ||| Stepping ~*~*~tactically~*~*~ (hiding).
 30582 | Shoals:2 | 30582 ||| Stepping ~*~*~tactically~*~*~ (hiding).
 30584 | Shoals:2 | 30584 ||| Stepping ~*~*~tactically~*~*~ (hiding).
 30814 | Shoals:2 | 30814 ||| UPGRADING to +5 chain mail "Ycvopol" {rC+ Str+2
                  | Dex+3}.
 30853 | Shoals:3 | 30853 ||| INVOKING Heroism.
 30867 | Shoals:3 | Received a gift from Okawaru
 31016 | Shoals:3 | Found a transporter.
 31020 | Shoals:3 | Found a transporter.
 31177 | Shoals:3 | Found a transporter.
 31180 | Shoals:3 | Found a transporter.
 31185 | Shoals:3 | Identified the ring of Akhlod {Will+ rCorr}
 31213 | Shoals:3 | Found Zoti's Book Shop.
 31223 | Shoals:3 | 31223 ||| INVOKING Heroism.
 31241 | Shoals:3 | Found a transporter.
 31242 | Shoals:3 | Found a transporter.
 31248 | Shoals:3 | 31248 ||| Stepping ~*~*~tactically~*~*~ (hiding).
 31249 | Shoals:3 | 31249 ||| Stepping ~*~*~tactically~*~*~ (hiding).
 31252 | Shoals:3 | 31252 ||| INVOKING Heroism.
 31368 | Shoals:3 | Found a frozen archway.
 31369 | Shoals:3 | 31369 ||| INVOKING Heroism.
 31370 | Shoals:3 | 31370 ||| INVOKING Finesse.
 31387 | Shoals:3 | 31387 ||| Stepping randomly (cloudy).
 31402 | Shoals:3 | 31402 ||| INVOKING Heroism.
 31518 | Shoals:3 | 31518 ||| INVOKING Heroism.
 31519 | Shoals:3 | 31519 ||| INVOKING Finesse.
 31720 | Shoals:3 | 31720 ||| PLANNING SNAKE:4
 31839 | Snake:1  | 31839 ||| Stepping ~*~*~tactically~*~*~ (stealth).
 31861 | Snake:1  | 31861 ||| Stepping ~*~*~tactically~*~*~ (stealth).
 31862 | Snake:1  | 31862 ||| Stepping ~*~*~tactically~*~*~ (stealth).
 31863 | Snake:1  | 31863 ||| Stepping ~*~*~tactically~*~*~ (stealth).
 31984 | Snake:4  | Entered Level 4 of the Snake Pit
 31986 | Snake:4  | 31986 ||| Stepping ~*~*~tactically~*~*~ (hiding).
 31990 | Snake:4  | 31990 ||| INVOKING Heroism.
 32224 | Snake:4  | Found a gateway to a bazaar.
 32252 | Snake:4  | 32252 ||| Stepping ~*~*~tactically~*~*~ (hiding).
 32257 | Snake:4  | 32257 ||| INVOKING Heroism.
 32335 | Snake:4  | 32335 ||| Stepping ~*~*~tactically~*~*~ (stealth).
 32338 | Snake:4  | 32338 ||| Stepping ~*~*~tactically~*~*~ (hiding).
 32415 | Snake:4  | 32415 ||| Stepping ~*~*~tactically~*~*~ (stealth).
 32418 | Snake:4  | 32418 ||| INVOKING Heroism.
 32425 | Snake:4  | Reached skill level 15 in Fighting
 32434 | Snake:4  | Received a gift from Okawaru
 32673 | Snake:4  | 32673 ||| INVOKING Heroism.
 32760 | Snake:4  | 32760 ||| Stepping ~*~*~tactically~*~*~ (hiding).
 32762 | Snake:4  | 32762 ||| INVOKING Heroism.
 32785 | Snake:4  | Identified the +4 plate armour of Pathos {rC++ Int-5 Dex+4
                  | Slay+3} (Okawaru gifted it to you on level 4 of the Snake
                  | Pit)
 32785 | Snake:4  | Received a gift from Okawaru
 32820 | Snake:4  | Reached skill level 9 in Throwing
 32823 | Snake:4  | 32823 ||| INVOKING Heroism.
 32825 | Snake:4  | Reached XP level 19. HP: 116/124 MP: 23/26
 32883 | Snake:4  | Got a serpentine rune of Zot
 33144 | Snake:4  | 33144 ||| PLANNING VAULTS:1-4
 33144 | Snake:4  | 33144 ||| DROPPING +1 plate armour of Fortitude {Str+6}.
 33145 | Snake:4  | 33145 ||| UPGRADING to +4 plate armour of Pathos {rC++
                  | Int-5 Dex+4 Slay+3}.
 33155 | Snake:4  | 33155 ||| DROPPING +5 chain mail "Ycvopol" {rC+ Str+2
                  | Dex+3}.
 33156 | Snake:4  | 33156 ||| DROPPING amulet of faith.
 33329 | Vaults:1 | Entered Level 1 of the Vaults
 33407 | Vaults:1 | 33407 ||| INVOKING Heroism.
 33491 | Vaults:1 | 33491 ||| INVOKING Heroism.
 33613 | Vaults:1 | Identified the -2 pair of gloves of the Loofah {rF+++
                  | Regen+ Dex-2 Stlth+}
 33637 | Vaults:1 | 33637 ||| Stepping ~*~*~tactically~*~*~ (hiding).
 33649 | Vaults:1 | 33649 ||| Stepping ~*~*~tactically~*~*~ (hiding).
 33698 | Vaults:1 | 33698 ||| Stepping ~*~*~tactically~*~*~ (stealth).
 33700 | Vaults:1 | 33700 ||| INVOKING Heroism.
 33726 | Vaults:1 | 33726 ||| INVOKING Heroism.
 34041 | Vaults:1 | 34041 ||| Stepping ~*~*~tactically~*~*~ (stealth).
 34042 | Vaults:1 | 34042 ||| INVOKING Finesse.
 34045 | Vaults:1 | 34045 ||| Stepping ~*~*~tactically~*~*~ (hiding).
 34119 | Vaults:1 | 34119 ||| INVOKING Heroism.
 34392 | Vaults:1 | Reached skill level 15 in Armour
 34732 | Vaults:1 | 34732 ||| UPGRADING to -2 pair of gloves of the Loofah
                  | {rF+++ Regen+ Dex-2 Stlth+}.
 34746 | Vaults:2 | 34746 ||| PLANNING WIZLAB
 34777 | Vaults:2 | 34777 ||| INVOKING Heroism.
 34804 | Vaults:2 | 34804 ||| READING scroll of enchant armour.
 34804 | Vaults:2 | 34804 ||| ENCHANTING +1 cloak of willpower.
 34831 | Vaults:2 | 34831 ||| INVOKING Heroism.
 34889 | Vaults:2 | 34889 ||| FLEEEEING.
 34893 | Vaults:2 | 34893 ||| INVOKING Heroism.
 34966 | Vaults:2 | 34966 ||| INVOKING Heroism.
 34974 | Vaults:2 | 34974 ||| Stepping ~*~*~tactically~*~*~ (hiding).
 34983 | Vaults:2 | Reached skill level 19 in Shields
 35002 | Vaults:2 | 35002 ||| INVOKING Heroism.
 35051 | Vaults:2 | 35051 ||| DROPPING +2 cloak.
 35052 | Vaults:2 | 35052 ||| READING 2 scrolls of teleportation.
 35077 | Vaults:2 | Identified the +2 ring mail of Piumeenola {rC+}
 35091 | Vaults:2 | 35091 ||| Stepping ~*~*~tactically~*~*~ (stealth).
 35093 | Vaults:2 | 35093 ||| INVOKING Heroism.
 35144 | Vaults:2 | 35144 ||| INVOKING Heroism.
 35147 | Vaults:2 | Received a gift from Okawaru
 35231 | Vaults:2 | 35231 ||| INVOKING Heroism.
 35395 | Vaults:2 | 35395 ||| RIP WIZLAB
 35429 | Vaults:2 | 35429 ||| PLANNING VAULTS:1-4
 35429 | Vaults:2 | 35429 ||| Stepping ~*~*~tactically~*~*~ (hiding).
 35432 | Vaults:2 | 35432 ||| INVOKING Heroism.
 35433 | Vaults:2 | 35433 ||| INVOKING Finesse.
 35439 | Vaults:2 | 35439 ||| Stepping ~*~*~tactically~*~*~ (hiding).
 35446 | Vaults:2 | Reached XP level 20. HP: 132/132 MP: 20/27
 35499 | Vaults:2 | 35499 ||| INVOKING Heroism.
 35596 | Vaults:2 | Received a gift from Okawaru
 35679 | Vaults:2 | 35679 ||| Stepping ~*~*~tactically~*~*~ (stealth).
 35757 | Vaults:2 | 35757 ||| Stepping ~*~*~tactically~*~*~ (stealth).
 35758 | Vaults:2 | 35758 ||| Stepping ~*~*~tactically~*~*~ (stealth).
 35760 | Vaults:2 | 35760 ||| Stepping ~*~*~tactically~*~*~ (hiding).
 35767 | Vaults:2 | 35767 ||| Stepping ~*~*~tactically~*~*~ (hiding).
 35772 | Vaults:2 | 35772 ||| Stepping ~*~*~tactically~*~*~ (hiding).
 35774 | Vaults:2 | Received a gift from Okawaru
 35808 | Vaults:2 | 35808 ||| Stepping ~*~*~tactically~*~*~ (stealth).
 35810 | Vaults:2 | 35810 ||| Stepping ~*~*~tactically~*~*~ (hiding).
 35811 | Vaults:2 | 35811 ||| Stepping ~*~*~tactically~*~*~ (hiding).
 36013 | Vaults:2 | 36013 ||| DROPPING +2 pair of boots of stealth.
 36083 | Vaults:3 | 36083 ||| Stepping ~*~*~tactically~*~*~ (hiding).
 36094 | Vaults:3 | 36094 ||| DRINKING 7 potions of curing.
 36094 | Vaults:3 | 36094 ||| (to cure confusion)
 36094 | Vaults:3 | Paralysed by a great orb of eyes for 2 turns
 36268 | Vaults:3 | 36268 ||| Stepping ~*~*~tactically~*~*~ (hiding).
 36444 | Vaults:3 | 36444 ||| INVOKING Heroism.
 36609 | Vaults:3 | 36609 ||| INVOKING Heroism.
 36727 | Vaults:3 | 36727 ||| Stepping ~*~*~tactically~*~*~ (hiding).
 36729 | Vaults:3 | 36729 ||| Stepping ~*~*~tactically~*~*~ (hiding).
 36842 | Vaults:3 | 36842 ||| INVOKING Heroism.
 37034 | Vaults:3 | Identified the amulet of Caeclipp {RegenMP rElec}
 37066 | Vaults:3 | 37066 ||| Stepping ~*~*~tactically~*~*~ (hiding).
 37124 | Vaults:3 | 37124 ||| Stepping ~*~*~tactically~*~*~ (hiding).
 37126 | Vaults:3 | 37126 ||| Stepping ~*~*~tactically~*~*~ (hiding).
 37385 | Vaults:3 | 37385 ||| INVOKING Heroism.
 37462 | Vaults:3 | 37462 ||| Stepping ~*~*~tactically~*~*~ (hiding).
 37473 | Vaults:3 | 37473 ||| Stepping ~*~*~tactically~*~*~ (hiding).
 37554 | Vaults:3 | Found a staircase to the Crypt.
 37683 | Vaults:3 | 37683 ||| DROPPING amulet of Caeclipp {RegenMP rElec}.
 37684 | Vaults:3 | 37684 ||| DROPPING ring of willpower.
 37754 | Vaults:4 | 37754 ||| PLANNING DESOLATION
 37772 | Vaults:4 | 37772 ||| INVOKING Heroism.
 37861 | Vaults:4 | 37861 ||| Stepping ~*~*~tactically~*~*~ (stealth).
 37863 | Vaults:4 | 37863 ||| Stepping ~*~*~tactically~*~*~ (stealth).
 37865 | Vaults:4 | Found a crumbling gateway.
 37874 | Desolati | Entered the Desolation of Salt
 37885 | Desolati | 37885 ||| INVOKING Heroism.
 37931 | Desolati | 37931 ||| INVOKING Heroism.
 37941 | Desolati | Reached skill level 18 in Fighting
 37967 | Desolati | 37967 ||| INVOKING Heroism.
 38042 | Desolati | Identified the +1 hat of the Catfish {Str+4 Int+3} (Okawaru
                  | gifted it to you in the Desolation of Salt)
 38042 | Desolati | Received a gift from Okawaru
 38102 | Desolati | 38102 ||| INVOKING Heroism.
 38141 | Desolati | Reached skill level 6 in Dodging
 38188 | Desolati | 38188 ||| INVOKING Heroism.
 38193 | Desolati | Identified the +1 leather armour "Ywem" {+Inv}
 38199 | Desolati | Reached XP level 21. HP: 128/141 MP: 26/28
 38228 | Desolati | Identified the +8 great sword of the Riding Gods {speed,
                  | rC+ Str+4 Dex+2 Stlth+}
 38235 | Desolati | Identified the +10 long sword of Roptatz {vamp, Dex+2
                  | Stlth+}
 38238 | Desolati | Identified the ring of Laledodghiosk {rC+ Str+6}
 38272 | Desolati | 38272 ||| INVOKING Heroism.
 38339 | Desolati | 38339 ||| INVOKING Heroism.
 38463 | Desolati | Identified the ring "Usorimeh" {rPois Int+6}
 38583 | Desolati | 38583 ||| DROPPING +1 hat of the Catfish {Str+4 Int+3}.
 38584 | Desolati | 38584 ||| DROPPING ring of protection from cold.
 38585 | Desolati | 38585 ||| UPGRADING to ring of Laledodghiosk {rC+ Str+6}.
 38587 | Desolati | 38587 ||| DROPPING ring "Usorimeh" {rPois Int+6}.
 38618 | Vaults:4 | 38618 ||| PLANNING VAULTS:1-4
 38635 | Vaults:4 | 38635 ||| INVOKING Finesse.
 38688 | Vaults:4 | 38688 ||| READING 3 scrolls of teleportation.
 38689 | Vaults:4 | 38689 ||| FLEEEEING.
 38690 | Vaults:4 | 38690 ||| FLEEEEING.
 38691 | Vaults:4 | 38691 ||| FLEEEEING.
 38692 | Vaults:4 | 38692 ||| FLEEEEING.
 38716 | Vaults:4 | Reached skill level 20 in Shields
 38780 | Vaults:4 | 38780 ||| Stepping ~*~*~tactically~*~*~ (stealth).
 38783 | Vaults:4 | 38783 ||| Stepping ~*~*~tactically~*~*~ (hiding).
 38794 | Vaults:4 | 38794 ||| Stepping ~*~*~tactically~*~*~ (stealth).
 38796 | Vaults:4 | 38796 ||| Stepping ~*~*~tactically~*~*~ (hiding).
 38817 | Vaults:4 | 38817 ||| INVOKING Heroism.
 38828 | Vaults:4 | Reached skill level 18 in Armour
 38833 | Vaults:4 | 38833 ||| Stepping ~*~*~tactically~*~*~ (hiding).
 38848 | Vaults:4 | 38848 ||| Stepping ~*~*~tactically~*~*~ (hiding).
 39076 | Vaults:4 | Found Dupisahy's Distillery.
 39081 | Vaults:4 | 39081 ||| BUYING 2 potions of curing (84 gold).
 39081 | Vaults:4 | Bought 2 potions of curing for 84 gold pieces
 39081 | Vaults:4 | 39081 ||| BUYING potion of haste (140 gold).
 39081 | Vaults:4 | Bought a potion of haste for 140 gold pieces
 39081 | Vaults:4 | 39081 ||| BUYING potion of heal wounds (70 gold).
 39081 | Vaults:4 | Bought a potion of heal wounds for 70 gold pieces
 39081 | Vaults:4 | 39081 ||| BUYING potion of lignification (42 gold).
 39081 | Vaults:4 | Bought a potion of lignification for 42 gold pieces
 39081 | Vaults:4 | 39081 ||| BUYING potion of magic (112 gold).
 39081 | Vaults:4 | Bought a potion of magic for 112 gold pieces
 39117 | Vaults:4 | 39117 ||| INVOKING Heroism.
 39150 | Vaults:4 | 39150 ||| Stepping ~*~*~tactically~*~*~ (hiding).
 39574 | Vaults:4 | 39574 ||| FLEEEEING.
 39576 | Vaults:4 | 39576 ||| STAIRDANCE
 39683 | Vaults:4 | 39683 ||| STAIRDANCE
 39690 | Vaults:4 | 39690 ||| STAIRDANCE
 39703 | Vaults:4 | 39703 ||| STAIRDANCE
 39844 | Vaults:4 | Reached ****** piety under Okawaru
 39887 | Vaults:4 | 39887 ||| PLANNING SHOALS:4
 40166 | Shoals:4 | Entered Level 4 of the Shoals
 40167 | Shoals:4 | 40167 ||| INVOKING Heroism.
 40182 | Shoals:4 | Received a gift from Okawaru
 40206 | Shoals:4 | 40206 ||| INVOKING Finesse.
 40231 | Shoals:4 | 40231 ||| INVOKING Heroism.
 40239 | Shoals:4 | 40239 ||| Stepping ~*~*~tactically~*~*~ (hiding).
 40240 | Shoals:4 | 40240 ||| Stepping ~*~*~tactically~*~*~ (hiding).
 40241 | Shoals:4 | 40241 ||| Stepping ~*~*~tactically~*~*~ (hiding).
 40243 | Shoals:4 | 40243 ||| Stepping ~*~*~tactically~*~*~ (hiding).
 40244 | Shoals:4 | 40244 ||| Stepping ~*~*~tactically~*~*~ (stealth).
 40248 | Shoals:4 | 40248 ||| Stepping ~*~*~tactically~*~*~ (stealth).
 40249 | Shoals:4 | 40249 ||| Stepping ~*~*~tactically~*~*~ (stealth).
 40257 | Shoals:4 | 40257 ||| FLEEEEING.
 40260 | Shoals:4 | 40260 ||| FLEEEEING.
 40261 | Shoals:4 | 40261 ||| FLEEEEING.
 40262 | Shoals:4 | 40262 ||| FLEEEEING.
 40263 | Shoals:4 | 40263 ||| FLEEEEING.
 40264 | Shoals:4 | 40264 ||| FLEEEEING.
 40268 | Shoals:4 | 40268 ||| INVOKING Heroism.
 40286 | Shoals:4 | 40286 ||| Stepping ~*~*~tactically~*~*~ (stealth).
 40314 | Shoals:4 | 40314 ||| FLEEEEING.
 40317 | Shoals:4 | 40317 ||| Stepping ~*~*~tactically~*~*~ (stealth).
 40319 | Shoals:4 | 40319 ||| FLEEEEING.
 40323 | Shoals:4 | 40323 ||| FLEEEEING.
 40324 | Shoals:4 | 40324 ||| FLEEEEING.
 40325 | Shoals:4 | 40325 ||| FLEEEEING.
 40361 | Shoals:4 | 40361 ||| Stepping ~*~*~tactically~*~*~ (stealth).
 40368 | Shoals:4 | 40368 ||| INVOKING Heroism.
 40391 | Shoals:4 | 40391 ||| Stepping ~*~*~tactically~*~*~ (hiding).
 40414 | Shoals:4 | Identified the +1 scale mail of Absolutism {Int+3} (Okawaru
                  | gifted it to you on level 4 of the Shoals)
 40414 | Shoals:4 | Received a gift from Okawaru
 40439 | Shoals:4 | 40439 ||| Stepping ~*~*~tactically~*~*~ (stealth).
 40441 | Shoals:4 | 40441 ||| Stepping ~*~*~tactically~*~*~ (hiding).
 40447 | Shoals:4 | 40447 ||| INVOKING Heroism.
 40448 | Shoals:4 | 40448 ||| INVOKING Finesse.
 40498 | Shoals:4 | Paralysed by a sphinx for 3 turns
 40511 | Shoals:4 | 40511 ||| INVOKING Heroism.
 40624 | Shoals:4 | Got a barnacled rune of Zot
 40648 | Shoals:4 | 40648 ||| Stepping ~*~*~tactically~*~*~ (hiding).
 40656 | Shoals:4 | Reached XP level 22. HP: 141/149 MP: 29/29
 40697 | Shoals:4 | 40697 ||| Stepping ~*~*~tactically~*~*~ (stealth).
 40700 | Shoals:4 | 40700 ||| Stepping ~*~*~tactically~*~*~ (hiding).
 40793 | Shoals:4 | 40793 ||| Stepping ~*~*~tactically~*~*~ (stealth).
 41168 | Shoals:4 | 41168 ||| PLANNING DEPTHS
 41168 | Shoals:4 | 41168 ||| DROPPING +2 hat.
 41338 | Depths:1 | Entered Level 1 of the Depths
 41353 | Depths:1 | 41353 ||| INVOKING Heroism.
 41354 | Depths:1 | 41354 ||| INVOKING Finesse.
 41502 | Depths:1 | 41502 ||| Stepping ~*~*~tactically~*~*~ (stealth).
 41504 | Depths:1 | 41504 ||| Stepping ~*~*~tactically~*~*~ (stealth).
 41514 | Depths:1 | 41514 ||| INVOKING Heroism.
 41561 | Depths:1 | Identified the +0 scale mail of Trial and Error {rElec rC-
                  | Will+++ Int+3}
 41593 | Depths:1 | 41593 ||| Stepping ~*~*~tactically~*~*~ (hiding).
 41604 | Depths:1 | 41604 ||| INVOKING Heroism.
 41606 | Depths:1 | 41606 ||| Stepping ~*~*~tactically~*~*~ (hiding).
 41828 | Depths:1 | Found Gyes's Book Shop.
 41865 | Depths:1 | 41865 ||| Stepping ~*~*~tactically~*~*~ (hiding).
 41881 | Depths:1 | 41881 ||| Stepping ~*~*~tactically~*~*~ (hiding).
 41885 | Depths:1 | 41885 ||| INVOKING Heroism.
 41889 | Depths:1 | 41889 ||| Stepping ~*~*~tactically~*~*~ (hiding).
 41904 | Depths:1 | Found a gateway to Hell.
 41992 | Depths:1 | Found the +13 scythe of Curses {drain, Drain}
 42034 | Depths:1 | Found a one-way gateway to a ziggurat.
 42075 | Depths:1 | 42075 ||| Stepping ~*~*~tactically~*~*~ (stealth).
 42077 | Depths:1 | 42077 ||| Stepping ~*~*~tactically~*~*~ (hiding).
 42082 | Depths:1 | 42082 ||| INVOKING Finesse.
 42084 | Depths:1 | 42084 ||| INVOKING Heroism.
 42149 | Depths:1 | 42149 ||| Stepping ~*~*~tactically~*~*~ (hiding).
 42151 | Depths:1 | 42151 ||| INVOKING Heroism.
 42171 | Depths:1 | Received a gift from Okawaru
 42240 | Depths:1 | 42240 ||| INVOKING Heroism.
 42319 | Depths:1 | 42319 ||| INVOKING Heroism.
 42325 | Depths:1 | Received a gift from Okawaru
 42637 | Depths:2 | 42637 ||| INVOKING Heroism.
 42638 | Depths:2 | 42638 ||| INVOKING Finesse.
 42677 | Depths:2 | Found a one-way gate to the infinite horrors of the Abyss.
 42723 | Depths:2 | Reached skill level 21 in Shields
 42802 | Depths:2 | 42802 ||| Stepping ~*~*~tactically~*~*~ (hiding).
 42803 | Depths:2 | 42803 ||| Stepping ~*~*~tactically~*~*~ (hiding).
 42807 | Depths:2 | Received a gift from Okawaru
 42810 | Depths:2 | 42810 ||| Stepping ~*~*~tactically~*~*~ (stealth).
 42950 | Depths:2 | Found a one-way gate leading to the halls of Pandemonium.
 42951 | Depths:2 | 42951 ||| Stepping ~*~*~tactically~*~*~ (hiding).
 42956 | Depths:2 | 42956 ||| Stepping ~*~*~tactically~*~*~ (hiding).
 42968 | Depths:2 | 42968 ||| Stepping ~*~*~tactically~*~*~ (hiding).
 43000 | Depths:2 | 43000 ||| INVOKING Heroism.
 43001 | Depths:2 | 43001 ||| INVOKING Finesse.
 43053 | Depths:2 | 43053 ||| INVOKING Heroism.
 43054 | Depths:2 | 43054 ||| INVOKING Finesse.
 43059 | Depths:2 | 43059 ||| Stepping ~*~*~tactically~*~*~ (stealth).
 43634 | Depths:3 | 43634 ||| Stepping ~*~*~tactically~*~*~ (hiding).
 43655 | Depths:3 | 43655 ||| Stepping ~*~*~tactically~*~*~ (hiding).
 43656 | Depths:3 | 43656 ||| INVOKING Heroism.
 43657 | Depths:3 | 43657 ||| INVOKING Finesse.
 43677 | Depths:3 | Noticed Parghit
 43706 | Depths:3 | 43706 ||| Stepping ~*~*~tactically~*~*~ (hiding).
 43708 | Depths:3 | HP: 25/152 [Parghit (29)]
 43708 | Depths:3 | Mangled by Parghit

Levels and vault maps discovered:
D:1:      psy_arrival_basics, layout_loops_ring,
          hellmonk_ecumenical_altar_watching_god
D:2:      cheibrodos_helix_gallery, layout_loops_ring,
          hangedman_abyss_or_decor_stabs, dreamdust_princess_corridor,
          minmay_misc_feat_iff, uniq_jessica
D:3:      layout_basic
D:4:      layout_basic, gammafunk_ghost_cemetery, uniq_blork_the_orc
D:5:      layout_cave_pools, lemuel_doored_altar, minmay_misc_feat_five,
          kennysheep_crisscross
D:6:      layout_loops_cross, minmay_temple_entry_steel_oval,
          minmay_misc_feat_nine_boxes, minmay_bent
D:7:      layout_loops_cross, serial_glass, glass_columns_b, glass_columns_c,
          glass_columns_b, glass_columns_a, nicolae_lava_and_water
D:8:      layout_basic, uniq_pikel
D:9:      layout_irregular_city, supply_closet_lemuel, uniq_maurice
D:10:     cheibrodos_elevator_heist, layout_long_grid, minivault_24,
          minivault_21, hellmonk_guarded_unrand_zhor
D:11:     layout_roguey, dpeg_lair_monsters, serial_shops,
          nicolae_shop_advertising_works [nicolae_subvault_shop_adworks]
D:12:     layout_roguey, gammafunk_ghost_wrathful_warriors, uniq_fannar
D:13:     thingy_vault, layout_irregular_city
D:14:     layout_rooms, hangedman_vaults_entry_quadrant_bands, elyvilon_altar_5,
          serial_glass, glass_columns_a, glass_columns_a, glass_columns_b,
          glass_columns_a, glass_columns_c, glass_columns_b, glass_columns_b,
          glass_columns_a, hangedman_abyss_or_decor_clamps, roderic_lattice_a
D:15:     hangedman_depths_entry_civil_slaughter, layout_basic,
          nemelex_altar_shiori, hellmonk_guarded_unrand_cigotuvi, uniq_kirke
Temple:   regret_index_temple_sigil_plot
Lair:1:   layout_chaotic_city, hellmonk_ghost_happy_afterlife,
          grunt_megastairs_2
Lair:2:   layout_long_grid, elwin_shoals_entry_rocks, uniq_erica
Lair:3:   layout_small_grid, guppyfry_snake_entry_island,
          gauntlet_entry_generic, beast_lair_carwin_7
Lair:4:   layout_gridlike, nicolae_slime_entry_slimehenge,
          nicolae_lair_run_with_the_wolves, serial_bayou_shore_a, uniq_snorg
Lair:5:   hangedman_lair_in_review, layout_concentric_octagons,
          serial_bayou_shore_b, serial_bayou_shore_b
Shoals:1: cheibrodos_shoals_oceanic_diplomacy, layout_shoals,
          ebering_ghost_reflecting_pool
Shoals:2: layout_shoals, nicolae_shop_overcharged_wands, uniq_polyphemus
Shoals:3: layout_shoals, serial_shops, nicolae_stop_n_shop_1,
          portal_ice_cave_entry_ice_statue_two, serial_nicolae_subway,
          nicolae_sub_station_metal, nicolae_sub_station_stone,
          nicolae_sub_station_crystal
Shoals:4: shoals_end_hellmonk_lost_city, serial_shops
Snake:1:  layout_gridlike, gammafunk_ghost_berserking_beasts,
          nicolae_snake_gridmaze_swirls, nicolae_snake_gridmaze_spiral,
          nicolae_snake_horde_hoard
Snake:2:  layout_chambers, grunt_megastairs_1
Snake:3:  layout_chambers, uniq_vashnia, uniq_aizul
Snake:4:  snake_pit, layout_cave_town, serial_shops, bzr_in_the_mist
Orc:1:    layout_caves, basic_altar, nicolae_volcano_entry_hallway,
          minmay_orc_barracks
Orc:2:    st_orc_elflike, layout_caves, serial_shops, shop,
          minmay_shop_enchanted_jewellery, mines1_david
Vaults:1: nicolae_vaults_circle_grid_a, vaults_room_pool,
          dpeg_vaults_monster_box, v_alt_pattern_4, vaults_room_large_hall,
          vaults_room_corners, grunt_vaults_focal, layout_vaults_chaotic_city
Vaults:2: mu_enter_wizlab_5, nicolae_vaults_murderbox, vaults_room_boxed,
          nicolae_vaults_windows_and_doors_thing, ontoclasm_vaults_hangar,
          v_pattern_5, nicolae_vaults_network_periphery, v_alt_pattern_2,
          hangedman_vaults_maws, vaults_dpeg_doors, v_misc_22,
          layout_vaults_omnibox
Vaults:3: v_misc_16, ontoclasm_vaults_echo, minmay_crypt_entry_simple_walls,
          v_alt_pattern_2, vaults_mumra_hex, nicolae_vaults_yaktaur_gun_rack,
          hangedman_vaults_trim, v_alt_pattern_2, layout_vaults_omnigrid
Vaults:4: portal_desolation_entry_salt, nicolae_vaults_little_squares_5,
          nicolae_vaults_shelves_hall, v_misc_10,
          nicolae_vaults_mini_display_case, v_misc_16,
          hangedman_vaults_stretched_pinwheel, nicolae_vaults_network_star,
          v_misc_26, v_misc_8, v_pattern_2, nicolae_vaults_little_squares_2,
          layout_vaults_omnicross, serial_shops, nicolae_shop_trees
Depths:1: layout_gridlike, enter_ziggurat_a, serial_shops, shop,
          grunt_metal_band, serial_glass, glass_columns_b, glass_columns_a,
          item_on_display_a, feat_on_display, feat_on_display,
          due_unseen_surprise, columned_hall_lemuel,
          hangedman_decor_clover_reticule, minmay_metal_thing
Depths:2: dreamdust_cat_pyramid, layout_small_grid, grunt_pan_entry_sceptre,
          abyss_entry, hell_entry, minmay_staircase_windowed_small,
          serial_bayou_shore_b
Depths:3: minmay_the_grid_square_5x5_4x4_mashed
          [minmay_the_grid_square_5x5_trominoes,
          minmay_the_grid_square_5x5_checkered_statues,
          minmay_the_grid_square_5x5_broken_cross,
          minmay_the_grid_square_5x5_three, minmay_the_grid_square_5x5_corner,
          minmay_the_grid_square_5x5_prize_deathbox,
          minmay_the_grid_square_5x5_prize_waves,
          minmay_the_grid_square_5x5_beaten_path,
          minmay_the_grid_square_5x5_checkered,
          minmay_the_grid_square_5x5_prize_monsterx,
          minmay_the_grid_square_5x5_prize_rear_guard,
          minmay_the_grid_square_5x5_six_small,
          minmay_the_grid_square_5x5_checkered_sparse,
          minmay_the_grid_square_5x5_n_small,
          minmay_the_grid_square_5x5_bracketed,
          minmay_the_grid_square_5x5_three_walls], layout_gridlike,
          hangedman_coc_ice_floe, grunt_pan_entry_zigzag, abyss_entry,
          minmay_fountain_box, minmay_three_doors, infiniplex_staircase_pool_1,
          uniq_parghit, uniq_margery

Skill      XL: |  1  2  3  4  5  6  7  8  9 10 11 12 13 14 15 16 17 18 19 20 21 22 |
---------------+-------------------------------------------------------------------+-----
Axes           | 2 3 4 6 7 9 10 11 12 14 15 16 18 | 18.0
Shields        | 4 6 7 8 9 10 11 13 14 15 16 17 18 19 20 21 | 21.0
Throwing       | 1 2 3 4 5 6 7 9 10 11 | 11.0
Fighting       | 4 5 6 7 8 9 10 12 13 15 16 18 19 20 | 20.0
Dodging        | 1 2 3 5 6 7 |  7.0
Invocations    | 4 7 10 | 10.0
Armour         | 5 6 8 9 10 11 12 13 16 17 18 19 | 19.9

Action                   |  1- 3 |  4- 6 |  7- 9 | 10-12 | 13-15 | 16-18 | 19-21 | 22-24 || total
-------------------------+-------+-------+-------+-------+-------+-------+-------+-------++-------
Melee: War axe           |    77 |   162 |   270 |   780 |       |       |       |       ||  1289
       Broad axe         |       |       |       |       |   738 |  1124 |  1169 |   326 ||  3357
Throw: Javelin           |       |    23 |    41 |    37 |   157 |    71 |    95 |    40 ||   464
       Boomerang         |       |     4 |    24 |    33 |    14 |     5 |     1 |       ||    81
Invok: Heroism           |       |       |     9 |    32 |    28 |    51 |    35 |    12 ||   167
       Finesse           |       |       |       |     1 |    12 |     9 |     5 |     6 ||    33
  Use: Scroll            |     5 |     7 |     7 |    10 |     6 |     4 |     3 |       ||    42
       Potion            |       |     2 |       |     5 |     3 |     2 |     1 |       ||    13
Armor: Scale mail        |    32 |    41 |       |       |       |       |       |       ||    73
       Chain mail        |       |    53 |   143 |    18 |       |    76 |     3 |       ||   293
       Plate armour      |       |       |       |   309 |   179 |   164 |   304 |    93 ||  1049
Dodge: Dodged            |    35 |    37 |    60 |   107 |    82 |   213 |   224 |    48 ||   806
Block: Buckler           |     9 |       |       |       |       |       |       |       ||     9
       Tower shield      |       |   171 |   285 |   823 |   703 |  1232 |  1292 |   274 ||  4780
       Reflection        |       |       |       |       |    24 |   271 |   118 |     6 ||   419

Table legend:
 A = Non-vault XP
 B = Vault XP
 C = Vault XP percentage of total XP
 D = Non-vault monster count
 E = Vault monster count
 F = Vault count percentage of total count
                 A         B        C        D         E       F
            +---------+---------+-------+---------+---------+-------
      Total |  390594 |  282455 |  42.0 |     979 |     512 |  34.3
            +---------+---------+-------+---------+---------+-------
        D:1 |      52 |       0 |   0.0 |      31 |       0 |   0.0
        D:2 |      72 |      52 |  41.9 |      28 |       3 |   9.7
        D:3 |      28 |       0 |   0.0 |      14 |       0 |   0.0
        D:4 |     606 |     100 |  14.2 |      15 |       1 |   6.2
        D:5 |    1294 |       0 |   0.0 |      22 |       0 |   0.0
        D:6 |    1108 |     566 |  33.8 |      29 |      11 |  27.5
        D:7 |    1503 |       0 |   0.0 |      36 |       0 |   0.0
        D:8 |    1383 |     663 |  32.4 |      18 |       1 |   5.3
        D:9 |    1374 |     480 |  25.9 |      18 |       1 |   5.3
       D:10 |    1852 |    3398 |  64.7 |      26 |       8 |  23.5
       D:11 |    4841 |    2620 |  35.1 |      13 |      11 |  45.8
       D:12 |    6749 |     876 |  11.5 |      17 |       1 |   5.6
       D:13 |    5468 |   10257 |  65.2 |      10 |      17 |  63.0
       D:14 |    7906 |    6392 |  44.7 |      13 |      19 |  59.4
       D:15 |   11677 |   14448 |  55.3 |      29 |      27 |  48.2
     Lair:1 |   10056 |     338 |   3.3 |      30 |       2 |   6.2
     Lair:2 |    7349 |     834 |  10.2 |      24 |       1 |   4.0
     Lair:3 |    2754 |    1497 |  35.2 |      11 |       9 |  45.0
     Lair:4 |    1239 |    2677 |  68.4 |       9 |      17 |  65.4
     Lair:5 |   18125 |    9777 |  35.0 |      46 |      21 |  31.3
   Shoals:1 |   15033 |    5157 |  25.5 |      30 |      10 |  25.0
   Shoals:2 |   17571 |    5521 |  23.9 |      34 |       6 |  15.0
   Shoals:3 |   20223 |     884 |   4.2 |      34 |       2 |   5.6
   Shoals:4 |   24114 |   30345 |  55.7 |      52 |      42 |  44.7
    Snake:1 |   17624 |     468 |   2.6 |      35 |       1 |   2.8
    Snake:2 |   15318 |    1229 |   7.4 |      26 |       2 |   7.1
    Snake:3 |   23016 |    6255 |  21.4 |      43 |       5 |  10.4
    Snake:4 |   14592 |   17427 |  54.4 |      27 |      29 |  51.8
      Orc:1 |    2744 |    1803 |  39.7 |      24 |      17 |  41.5
      Orc:2 |    2250 |    8094 |  78.2 |      16 |      25 |  61.0
   Vaults:1 |   22794 |    5134 |  18.4 |      38 |       7 |  15.6
   Vaults:2 |   39898 |   33591 |  45.7 |      54 |      45 |  45.5
   Vaults:3 |   14884 |   25506 |  63.1 |      23 |      34 |  59.6
   Vaults:4 |   30625 |   13380 |  30.4 |      49 |      17 |  25.8
   Depths:1 |   28700 |   11449 |  28.5 |      35 |      14 |  28.6
   Depths:2 |   15224 |    9312 |  38.0 |      18 |      12 |  40.0
   Depths:3 |       0 |    9287 | 100.0 |       0 |       9 | 100.0
 Desolation |       0 |   39652 | 100.0 |       0 |      77 | 100.0
   Gauntlet |     548 |    2986 |  84.5 |       2 |       8 |  80.0
            +---------+---------+-------+---------+---------+-------
